Workbook
Name CONCATENAR: CONCATENATE(#REF!," ",#REF!)
Name EMPRESAS: OFFSET([1]Cotações!$B$25,1,0):OFFSET([1]Cotações!$H$41,-1,0)
Name INDICES: OFFSET([1]Cotações!$B$20,1,0):OFFSET([1]Cotações!$I$24,-1,0)
Name NCOMPOSICOES: 15
Name NCOTACOES: 15
Name NEMPRESAS: 15
Name NINDICES: 3
Name NRELATORIOS: COUNTA([1]Relatórios!$A:$A)-2
Name NumerEmpresa: 15
Name NumerIndice: 3
Name Objeto: "Referência"
Name RelatoriosFontes: OFFSET([1]Relatórios!$A$5,1,0,NRELATORIOS)
Name RelatoriosFontes: OFFSET([1]Relatórios!$A$5,1,0,NRELATORIOS)
Name RelatoriosFontes: OFFSET([1]Relatórios!$A$5,1,0,NRELATORIOS)

Sheet CRONOGRAMA_Av
B1: MUNICIPIO DE IGUAPE
B2: ESTANCIA BALNEÁRIA
C3: OBRA: Serviço de instalação de pontos de ônibus
C5: LOCAL: Avenida Júlio Franco e Rua Itapema - ROCIO
C6: PLANILHA FÍSICO-FINANCEIRA | J6: =TODAY() -> 46140
B7: Item | C7: Descrição | D7: MESES | J7: Valor do Item | K7: Participação
D8: 1 | E8: 2 | F8: 3 | G8: 4 | H8: 5 | I8: 6
D9: 30 dias | E9: 60 dias | F9: 90 dias | G9: 120 dias | H9: 150 dias | I9: 180 dias
B10: 1 | C10: PONTO DE ÔNIBUS - AVENIDA JULIO FRANCO | D10: 0.5 | E10: 0.5 | F10: 0 | G10: 0 | H10: 0 | I10: 0 | J10: 31102.28 | K10: =IF($J$14=0,0,J10/$J$14) -> 0.5 | L10: =SUM(D10:E10) -> 1
D11: =$J$10*D10 -> 15551.14 | E11: =$J$10*E10 -> 15551.14 | F11: =$J$10*F10 -> 0 | G11: =$J$10*G10 -> 0 | H11: =$J$10*H10 -> 0 | I11: =$J$10*I10 -> 0
B12: 2 | C12: PONTO DE ÔNIBUS - RUA ITAPEMA | D12: 0 | E12: 0 | F12: 0.5 | G12: 0.5 | H12: 0 | I12: 0 | J12: 31102.28 | K12: =IF($J$14=0,0,J12/$J$14) -> 0.5 | L12: =SUM(D12:E12) -> 0
D13: =$J$12*D12 -> 0 | E13: =$J$12*E12 -> 0 | F13: =$J$12*F12 -> 15551.14 | G13: =$J$12*G12 -> 15551.14 | H13: =$J$12*H12 -> 0 | I13: =$J$12*I12 -> 0
C14: Total Mensal | D14: =SUM(D11+D13) -> 15551.14 | E14: =SUM(E11+E13) -> 15551.14 | F14: =SUM(F11+F13) -> 15551.14 | G14: =SUM(G11+G13) -> 15551.14 | H14: =SUM(H11+H13) -> 0 | I14: =SUM(I11+I13) -> 0 | J14: =SUM(J10:J13) -> 62204.56 | K14: =IF($J$14=0,0,J14/$J$14) -> 1
C15: Total Acumulado | D15: =D14 -> 15551.14 | E15: =E14+D15 -> 31102.28 | F15: =F14+E15 -> 46653.42 | G15: =G14+F15 -> 62204.56 | H15: =H14+G15 -> 62204.56 | I15: =I14+H15 -> 62204.56
C16: Percentual Mensal | D16: =IF($J$14=0,0,SUM((D14/$J$14))) -> 0.25 | E16: =IF($J$14=0,0,SUM((E14/$J$14))) -> 0.25 | F16: =IF($J$14=0,0,SUM((F14/$J$14))) -> 0.25 | G16: =IF($J$14=0,0,SUM((G14/$J$14))) -> 0.25 | H16: =IF($J$14=0,0,SUM((H14/$J$14))) -> 0 | I16: =IF($J$14=0,0,SUM((I14/$J$14))) -> 0 | J16: =SUM(D16:E16) -> 0.5
C17: Percentual Acumulado | D17: =D16 -> 0.25 | E17: =E16+D17 -> 0.5 | F17: =F16 -> 0.25 | G17: =G16+F17 -> 0.5 | H17: =H16 -> 0 | I17: =I16+H17 -> 0
J21: _________________________
J23: Secretaria Municipal de Infraestrutura Urbana e Obras

Sheet BDI
A1: GOVERNO DO MUNICIPIO DE IGUAPE
A2: ESTÂNCIA BALNEÁRIA - PRINCESA DO LITORAL SUL
B4: COMPOSIÇÃO DO BDI (acórdão 2622/2013-TCU-Plenário)
B5: ITENS | C5: DESCRIÇÃO | D5: %
B6: AC | C6: Administraçao central | D6: 0.038
B7: S + G | C7: Seguros e Garantias | D7: 0.0032
B8: R | C8: Riscos | D8: 0.005
B10: DF | C10: Despesas Financeiras | D10: 0.0102
B11: L | C11: Lucro/Remuneração | D11: 0.0664
B12: l | C12: Impostos/tributos | D12: =D13+D14+D15+D16 -> 0.1115
C13: PIS | D13: 0.0065
C14: COFINS | D14: 0.03
C15: ISS | D15: 0.03
C16: Contribuição Previdenciaria | D16: 0.045
B17: Taxa do BDI (%) | D17: =ROUND((((1+D6+D7+D8+D9)*(1+D10)*(1+D11))/(1-D12))-1,4) -> 0.2685
D18: =D17 -> 0.2685
B19: Fórmula usada no cálculo do BDI ou LDI (acórdão 2622/2013-TCU-Plenário):
B24: Onde:
B25: AC: taxa de administração central;
B26: S: taxa de seguros;
B27: R: taxa de riscos;
B28: G: taxa de garantias;
B29: DF: taxa de despesas financeiras;
B30: L: taxa de lucro/remuneração;
B31: I: taxa de incidência de impostos (PIS, COFINS, ISS e Contribuição Previdenciária).
A32: Obs.: | B32: Para orçamentos considerando a Desoneração Fiscal deverá ser somada a alíquota de 4,5% referente a Contibuição Previdenciária no item impostos.
D37: _________________________
D39: Secretaria de Infraestrutura Urbana e Obras

Sheet CDHU_200
B1: COMPANHIA DE DESENVOLVIMENTO HABITACIONAL E URBANO
A2: DO ESTADO DE SÃO PAULO
A3: BOLETIM REFERENCIAL DE CUSTOS - TABELA DE SERVIÇOS
A4: COM DESONERAÇÃO
F5: Versão 200
E6: Data Base: | F6: NOV/25
C7: BDI : | D7: 0 | E7: L.S.: | F7: 1.0539
A8: Referência | B8: Descrição | C8: Un | D8: Material | E8: Mão de Obra | F8: Custo Total
A9: 01 | B9: SERVICO TECNICO ESPECIALIZADO
A10: 01.02 | B10: Parecer técnico
A11: 01.02.071 | B11: Parecer técnico de fundações, contenções e recomendações gerais, para empreendimentos com área construída até 1.000 m² | C11: UN | E11: 6483.99 | F11: 6483.99 | G11: 15
A12: 01.02.081 | B12: Parecer técnico de fundações, contenções e recomendações gerais, para empreendimentos com área construída de 1.001 a 2.000 m² | C12: UN | E12: 8622.44 | F12: 8622.44 | G12: 15
A13: 01.02.091 | B13: Parecer técnico de fundações, contenções e recomendações gerais, para empreendimentos com área construída de 2.001 a 5.000 m² | C13: UN | E13: 14729.05 | F13: 14729.05 | G13: 15
A14: 01.02.101 | B14: Parecer técnico de fundações, contenções e recomendações gerais, para empreendimentos com área construída de 5.001 a 10.000 m² | C14: UN | E14: 20195.27 | F14: 20195.27 | G14: 15
A15: 01.02.111 | B15: Parecer técnico de fundações, contenções e recomendações gerais, para empreendimentos com área construída acima de 10.000 m² | C15: UN | E15: 23534.46 | F15: 23534.46 | G15: 15
A16: 01.06 | B16: Projeto de instalações elétricas
A17: 01.06.021 | B17: Elaboração de projeto de adequação de entrada de energia elétrica junto a concessionária, com medição em baixa tensão e demanda até 75 kVA | C17: UN | E17: 8281.6 | F17: 8281.6 | G17: 15
A18: 01.06.031 | B18: Elaboração de projeto de adequação de entrada de energia elétrica junto a concessionária, com medição em média tensão, subestação simplificada e demanda de 75 kVA a 300 kVA | C18: UN | E18: 14027.58 | F18: 14027.58 | G18: 15
A19: 01.06.032 | B19: Elaboração de projeto de adequação de entrada de energia elétrica junto a concessionária, com medição em média tensão e demanda de 75 kVA a 300 kVA | C19: UN | E19: 18981.8 | F19: 18981.8 | G19: 15
A20: 01.06.041 | B20: Elaboração de projeto de adequação de entrada de energia elétrica junto a concessionária, com medição em média tensão e demanda acima de 300 kVA a 2 MVA | C20: UN | E20: 25247.9 | F20: 25247.9 | G20: 15
A21: 01.17 | B21: Projeto executivo
A22: 01.17.031 | B22: Projeto executivo de arquitetura em formato A1 | C22: UN | E22: 3262 | F22: 3262 | G22: 15
A23: 01.17.041 | B23: Projeto executivo de arquitetura em formato A0 | C23: UN | E23: 4409.93 | F23: 4409.93 | G23: 15
A24: 01.17.051 | B24: Projeto executivo de estrutura em formato A1 | C24: UN | E24: 2392.32 | F24: 2392.32 | G24: 15
A25: 01.17.061 | B25: Projeto executivo de estrutura em formato A0 | C25: UN | E25: 3273.17 | F25: 3273.17 | G25: 15
A26: 01.17.071 | B26: Projeto executivo de instalações hidráulicas em formato A1 | C26: UN | E26: 1027.03 | F26: 1027.03 | G26: 15
A27: 01.17.081 | B27: Projeto executivo de instalações hidráulicas em formato A0 | C27: UN | E27: 1367.12 | F27: 1367.12 | G27: 15
A28: 01.17.111 | B28: Projeto executivo de instalações elétricas em formato A1 | C28: UN | E28: 1140.48 | F28: 1140.48 | G28: 15
A29: 01.17.121 | B29: Projeto executivo de instalações elétricas em formato A0 | C29: UN | E29: 1581.35 | F29: 1581.35 | G29: 15
A30: 01.17.151 | B30: Projeto executivo de climatização em formato A1 | C30: UN | E30: 2195.21 | F30: 2195.21 | G30: 15
A31: 01.17.161 | B31: Projeto executivo de climatização em formato A0 | C31: UN | E31: 2992.33 | F31: 2992.33 | G31: 15
A32: 01.17.171 | B32: Projeto executivo de chuveiros automáticos em formato A1 | C32: UN | E32: 1895.21 | F32: 1895.21 | G32: 15
A33: 01.17.181 | B33: Projeto executivo de chuveiros automáticos em formato A0 | C33: UN | E33: 2449.64 | F33: 2449.64 | G33: 15
A34: 01.20 | B34: Levantamento topográfico e geofísico
A35: 01.20.010 | B35: Taxa de mobilização e desmobilização de equipamentos para execução de levantamento topográfico | C35: TX | D35: 1150.83 | F35: 1150.83 | G35: 15
A36: 01.20.280 | B36: Levantamento planimétrico de área pavimentada para veículo e pedestre | C36: M2 | D36: 0.07 | E36: 0.16 | F36: 0.23 | G36: 15
A37: 01.20.691 | B37: Levantamento planimétrico cadastral com áreas ocupadas predominantemente por comunidades - área até 20.000 m² (mínimo de 3.500 m²) | C37: M2 | D37: 0.41 | E37: 0.53 | F37: 0.94 | G37: 15
A38: 01.20.701 | B38: Levantamento planimétrico cadastral com áreas ocupadas predominantemente por comunidades - área acima de 20.000 m² até 200.000 m² | C38: M2 | D38: 0.32 | E38: 0.42 | F38: 0.74 | G38: 15
A39: 01.20.711 | B39: Levantamento planimétrico cadastral com áreas ocupadas predominantemente por comunidades - área acima de 200.000 m² | C39: M2 | D39: 0.27 | E39: 0.35 | F39: 0.62 | G39: 15
A40: 01.20.721 | B40: Levantamento planimétrico cadastral com áreas até 50% de ocupação - área até 20.000 m² (mínimo de 3.500 m²) | C40: M2 | D40: 0.37 | E40: 0.46 | F40: 0.83 | G40: 15
A41: 01.20.731 | B41: Levantamento planimétrico cadastral com áreas até 50% de ocupação - área acima de 20.000 m² até 200.000 m² | C41: M2 | D41: 0.17 | E41: 0.51 | F41: 0.68 | G41: 15
A42: 01.20.741 | B42: Levantamento planimétrico cadastral com áreas até 50% de ocupação - área acima de 200.000 m² | C42: M2 | D42: 0.23 | E42: 0.28 | F42: 0.51 | G42: 15
A43: 01.20.751 | B43: Levantamento planimétrico cadastral com áreas acima de 50% de ocupação - área até 20.000 m² (mínimo de 4.000 m²) | C43: M2 | D43: 0.32 | E43: 0.42 | F43: 0.74 | G43: 15
A44: 01.20.761 | B44: Levantamento planimétrico cadastral com áreas acima de 50% de ocupação - área acima de 20.000 m² até 200.000 m² | C44: M2 | D44: 0.28 | E44: 0.35 | F44: 0.63 | G44: 15
A45: 01.20.771 | B45: Levantamento planimétrico cadastral com áreas acima de 50% de ocupação - área acima de 200.000 m² | C45: M2 | D45: 0.27 | E45: 0.35 | F45: 0.62 | G45: 15
A46: 01.20.781 | B46: Levantamento planialtimétrico cadastral com áreas ocupadas predominantemente por comunidades - área até 20.000 m² (mínimo de 3.500 m²) | C46: M2 | D46: 0.45 | E46: 0.56 | F46: 1.01 | G46: 15
A47: 01.20.791 | B47: Levantamento planialtimétrico cadastral com áreas ocupadas predominantemente por comunidades - área acima de 20.000 m² até 200.000 m² | C47: M2 | D47: 0.36 | E47: 0.45 | F47: 0.81 | G47: 15
... A60: 01.20.921 | B60: Implantação de marcos através de levantamento com GPS (mínimo de 3 marcos) | C60: UN | D60: 711.95 | E60: 462.94 | F60: 1174.89 | G60: 15
A61: 01.21 | B61: Estudo geotecnico (sondagem)
A62: 01.21.010 | B62: Taxa de mobilização e desmobilização de equipamentos para execução de sondagem | C62: TX | D62: 1342.33 | F62: 1342.33 | G62: 15
A63: 01.21.090 | B63: Taxa de mobilização e desmobilização de equipamentos para execução de sondagem rotativa | C63: TX | D63: 6995.32 | F63: 6995.32 | G63: 15
A64: 01.21.100 | B64: Sondagem do terreno a trado | C64: M | D64: 104.58 | F64: 104.58 | G64: 15
A65: 01.21.110 | B65: Sondagem do terreno à percussão (mínimo de 30 m) | C65: M | D65: 91.32 | F65: 91.32 | G65: 15
A66: 01.21.120 | B66: Sondagem do terreno rotativa em solo | C66: M | D66: 412.79 | F66: 412.79 | G66: 15
A67: 01.21.130 | B67: Sondagem do terreno rotativa em rocha | C67: M | D67: 653.01 | F67: 653.01 | G67: 15
A68: 01.21.140 | B68: Sondagem do terreno à percussão com a utilização de torquímetro (mínimo de 30 m) | C68: M | D68: 101.61 | F68: 101.61 | G68: 15
A69: 01.23 | B69: Tratamento, recuperação e trabalhos especiais em concreto
A70: 01.23.010 | B70: Taxa de mobilização e desmobilização de equipamentos para execução de corte em concreto armado | C70: TX | D70: 421.15 | F70: 421.15 | G70: 15
A71: 01.23.020 | B71: Limpeza de armadura com escova de aço | C71: M2 | D71: 3.09 | E71: 6.13 | F71: 9.22 | G71: 15
A72: 01.23.030 | B72: Preparo de ponte de aderência com adesivo a base de epóxi | C72: M2 | D72: 100.85 | E72: 45.31 | F72: 146.16 | G72: 15
A73: 01.23.056 | B73: Tratamento de armadura com produto anticorrosivo a base de zinco | C73: M2 | D73: 22.13 | E73: 43.21 | F73: 65.34 | G73: 15
A74: 01.23.060 | B74: Corte de concreto deteriorado inclusive remoção dos detritos | C74: M2 | E74: 30.66 | F74: 30.66 | G74: 15
A75: 01.23.070 | B75: Demarcação de área com disco de corte diamantado | C75: M | D75: 1.07 | E75: 4.53 | F75: 5.6 | G75: 15
A76: 01.23.100 | B76: Demolição de concreto armado com preservação de armadura, para reforço e recuperação estrutural | C76: M3 | E76: 462.76 | F76: 462.76 | G76: 15
A77: 01.23.140 | B77: Furação de 1 1/4´ em concreto armado | C77: M | D77: 270.07 | F77: 270.07 | G77: 15
A78: 01.23.150 | B78: Furação de 1 1/2´ em concreto armado | C78: M | D78: 272.4 | F78: 272.4 | G78: 15
A79: 01.23.160 | B79: Furação de 2 1/4´ em concreto armado | C79: M | D79: 377.36 | F79: 377.36 | G79: 15
A80: 01.23.190 | B80: Furação de 2 1/2´ em concreto armado | C80: M | D80: 387.85 | F80: 387.85 | G80: 15
A81: 01.23.200 | B81: Taxa de mobilização e desmobilização de equipamentos para execução de perfuração em concreto | C81: TX | D81: 227.04 | F81: 227.04 | G81: 15
A82: 01.23.221 | B82: Furação para até 10mm x 100mm em concreto armado, inclusive colagem de armadura (para até 8mm) | C82: UN | D82: 13.6 | F82: 13.6 | G82: 15
A83: 01.23.222 | B83: Furação para 12,5mm x 100mm em concreto armado, inclusive colagem de armadura (para 10mm) | C83: UN | D83: 15.81 | F83: 15.81 | G83: 15
A84: 01.23.223 | B84: Furação para 16mm x 100mm em concreto armado, inclusive colagem de armadura (para 12,5mm) | C84: UN | D84: 16.31 | F84: 16.31 | G84: 15
A85: 01.23.231 | B85: Furação para até 10mm x 150mm em concreto armado, inclusive colagem de armadura (para até 8mm) | C85: UN | D85: 21.13 | F85: 21.13 | G85: 15
A86: 01.23.232 | B86: Furação para 12,5mm x 150mm em concreto armado, inclusive colagem de armadura (para 10mm) | C86: UN | D86: 21.92 | F86: 21.92 | G86: 15
A87: 01.23.233 | B87: Furação para 16mm x 150mm em concreto armado, inclusive colagem de armadura (para 12,5mm) | C87: UN | D87: 25.63 | F87: 25.63 | G87: 15
A88: 01.23.234 | B88: Furação para 20mm x 150mm em concreto armado, inclusive colagem de armadura (para 16mm) | C88: UN | D88: 27.79 | F88: 27.79 | G88: 15
... A99: 01.23.510 | B99: Corte vertical em concreto armado, espessura de 15 cm | C99: M | D99: 226.39 | F99: 226.39 | G99: 15
A100: 01.23.700 | B100: Taxa de mobilização e desmobilização para reforço estrutural com fibra de carbono | C100: TX | D100: 1629.92 | E100: 4159.8 | F100: 5789.72 | G100: 15
A101: 01.23.701 | B101: Preparação de substrato para colagem de fibra de carbono, mediante lixamento e/ou apicoamento e escovação | C101: M2 | D101: 7.49 | E101: 44.29 | F101: 51.78 | G101: 15
A102: 01.23.702 | B102: Fibra de carbono para reforço estrutural de alta resistência - 300 g/m² | C102: M2 | D102: 163.19 | E102: 315.13 | F102: 478.32 | G102: 15
A103: 01.27 | B103: Estudo e programa ambientais
A104: 01.27.011 | B104: Projeto e implementação de gerenciamento integrado de resíduos sólidos e gestão de perdas | C104: UN | D104: 196.55 | E104: 9191.49 | F104: 9388.04 | G104: 15
A105: 01.27.021 | B105: Projeto e implementação de educação ambiental | C105: UN | D105: 196.55 | E105: 12312.08 | F105: 12508.63 | G105: 15
A106: 01.27.031 | B106: Projeto e implementação de controle ambiental de obra | C106: UN | D106: 196.55 | E106: 10894.29 | F106: 11090.84 | G106: 15
A107: 01.27.041 | B107: Laudo de caracterização de vegetação | C107: UN | D107: 569.3 | E107: 25369.8 | F107: 25939.1 | G107: 15
A108: 01.27.051 | B108: Laudo de caracterização da fauna associada à flora | C108: UN | D108: 569.3 | E108: 38929.39 | F108: 39498.69 | G108: 15
A109: 01.27.061 | B109: Projeto e implementação de monitoramento da fauna durante a obra | C109: UN | D109: 569.3 | E109: 15432.67 | F109: 16001.97 | G109: 15
A110: 01.27.071 | B110: Laudo de autodepuração | C110: UN | D110: 462.8 | E110: 18522.79 | F110: 18985.59 | G110: 15
A111: 01.27.091 | B111: Estudo de impacto de vizinhança, em área urbana até 10.000 m² | C111: UN | D111: 281.75 | E111: 30001.4 | F111: 30283.15 | G111: 15
A112: 01.28 | B112: Poço profundo
A113: 01.28.010 | B113: Taxa de mobilização e desmobilização de equipamentos para execução de perfuração para poço profundo - profundidade até 200 m | C113: TX | D113: 8405.03 | F113: 8405.03 | G113: 15
A114: 01.28.020 | B114: Taxa de mobilização e desmobilização de equipamentos para execução de perfuração para poço profundo - profundidade acima de 200 m e até 300 m | C114: TX | D114: 13648.77 | F114: 13648.77 | G114: 15
A115: 01.28.030 | B115: Taxa de mobilização e desmobilização de equipamentos para execução de perfuração para poço profundo - profundidade acima de 300 m | C115: TX | D115: 13560.03 | F115: 13560.03 | G115: 15
A116: 01.28.040 | B116: Perfuração rotativa para poço profundo em camadas de solos sedimentares, diâmetro de 8 1/2" (215,90 mm) | C116: M | D116: 732.99 | F116: 732.99 | G116: 15
A117: 01.28.050 | B117: Perfuração rotativa para poço profundo em aluvião, arenito, ou solos sedimentados em geral, diâmetro de 10" (250 mm) | C117: M | D117: 517.99 | F117: 517.99 | G117: 15
A118: 01.28.060 | B118: Perfuração rotativa para poço profundo em aluvião, arenito, ou solos sedimentados em geral, diâmetro de 12" (300 mm) | C118: M | D118: 1288.52 | F118: 1288.52 | G118: 15
A119: 01.28.070 | B119: Perfuração rotativa para poço profundo em aluvião, arenito, ou solos sedimentados em geral, diâmetro de 14" (350 mm) | C119: M | D119: 1394.38 | F119: 1394.38 | G119: 15
A120: 01.28.080 | B120: Perfuração rotativa para poço profundo em aluvião, arenito, ou solos sedimentados em geral, diâmetro de 16" (400 mm) | C120: M | D120: 1733.69 | F120: 1733.69 | G120: 15
A121: 01.28.090 | B121: Perfuração rotativa para poço profundo em aluvião, arenito, ou solos sedimentados em geral, diâmetro de 18" (450 mm) | C121: M | D121: 2219.14 | F121: 2219.14 | G121: 15
A122: 01.28.100 | B122: Perfuração rotativa para poço profundo em aluvião, arenito, ou solos sedimentados em geral, diâmetro de 20" (500 mm) | C122: M | D122: 2510.5 | F122: 2510.5 | G122: 15
...

Sheet SINAPI 02_2025
A1: SINAPI - Sistema Nacional de Pesquisa de Custos e Índices da Construção Civil | D1: Encargos sociais sobre a mão de obra:
A2: RELATÓRIO DE CUSTOS DE COMPOSIÇÕES - ENCARGOS SOCIAIS COM DESONERAÇÃO | D2: (COM DESONERAÇÃO)
A3: Mês de Referência: | B3: 01/2025
A4: Data de emissão: | B4: 11/02/2025 | C4: SP
C5: Localidade | D5: SP
A6: Observação: | B6: %AS (porcentagem Atribuído São Paulo) corresponde a porcentagem do custo total da composição que foi obtida utilizando preços de insumos de São Paulo por indisponibilidade dos preços de insumos necessários à composição no estado em questão. | C6: Horista | D6: 0.927
C7: Mensalista | D7: 0.5338
A10: Código da Composição | B10: Descrição | C10: Unidade | D10: Custo (R$)
A11: 104658 | B11: PISO PODOTÁTIL DE ALERTA OU DIRECIONAL, DE CONCRETO, ASSENTADO SOBRE ARGAMASSA. AF_03/2024 | C11: M2 | D11: 181.59
A12: 105002 | B12: RAMPA DE ACESSIBILIDADE EM CONCRETO MOLDADO IN LOCO, EM CALÇADA NOVA COM LARGURA MAIOR OU IGUAL À 3,00 M, FCK 25MPA, COM PISO PODOTÁTIL. AF_03/2024 | C12: UN | D12: 711.44
A13: 105004 | B13: RAMPA DE ACESSIBILIDADE EM CONCRETO MOLDADO IN LOCO, EM CALÇADA NOVA COM LARGURA MENOR À 3,00 M, FCK 25MPA, COM PISO PODOTÁTIL. AF_03/2024 | C13: M2 | D13: 120.41
A14: 105003 | B14: RAMPA DE ACESSIBILIDADE EM CONCRETO MOLDADO IN LOCO, EM CALÇADA PRÉ EXISTENTE COM LARGURA MAIOR OU IGUAL À 3,00 M, FCK 25MPA, COM PISO PODOTÁTIL. AF_03/2024 | C14: UN | D14: 1212.45
A15: 105005 | B15: RAMPA DE ACESSIBILIDADE EM CONCRETO MOLDADO IN LOCO, EM CALÇADA PRÉ EXISTENTE COM LARGURA MENOR À 3,00 M, FCK 25MPA, COM PISO PODOTÁTIL. AF_03/2024 | C15: M2 | D15: 213.18
A16: 105006 | B16: RAMPA DE ACESSIBILIDADE EM CONCRETO PRÉ MOLDADO, EM CALÇADA NOVA COM LARGURA MAIOR OU IGUAL À 3,00 M, FCK 25MPA, COM PISO PODOTÁTIL. AF_03/2024 | C16: UN | D16: 0
A17: 104999 | B17: RAMPA DE ACESSIBILIDADE EM CONCRETO PRÉ MOLDADO, EM CALÇADA PRÉ EXISTENTE COM LARGURA MAIOR OU IGUAL À 3,00 M, FCK 25MPA, COM PISO PODOTÁTIL. AF_03/2024 | C17: UN | D17: 0
A18: 105000 | B18: RAMPA DE ACESSIBILIDADE PARA ACESSO A EDIFICAÇÕES COM INCLINAÇÃO DE 8,33% EM CONCRETO MOLDADO IN LOCO, COM LARGURA DE 1,20M, FCK 25MPA, NÃO ARMADA, COM JUNTA A CADA 2M COM CORTE À SECO. AF_03/2024_PA | C18: M | D18: 1494.72
A19: 105001 | B19: RAMPA DE ACESSIBILIDADE PARA ACESSO A EDIFICAÇÕES COM INCLINAÇÃO DE 8,33% EM CONCRETO MOLDADO IN LOCO, COM LARGURA DE 1,50M, FCK 25MPA, NÃO ARMADA, COM JUNTA A CADA 2M COM CORTE À SECO. AF_03/2024_PA | C19: M | D19: 1523.82
A20: 89306 | B20: ALVENARIA ESTRUTURAL DE BLOCOS CERÂMICOS 14X19X29, (ESPESSURA DE 14 CM), UTILIZANDO COLHER DE PEDREIRO E ARGAMASSA DE ASSENTAMENTO COM PREPARO EM BETONEIRA. AF_03/2023 | C20: M2 | D20: 99.15
A21: 89307 | B21: ALVENARIA ESTRUTURAL DE BLOCOS CERÂMICOS 14X19X29, (ESPESSURA DE 14 CM), UTILIZANDO COLHER DE PEDREIRO E ARGAMASSA DE ASSENTAMENTO COM PREPARO MANUAL. AF_03/2023 | C21: M2 | D21: 102.35
A22: 89290 | B22: ALVENARIA ESTRUTURAL DE BLOCOS CERÂMICOS 14X19X29, (ESPESSURA DE 14 CM), UTILIZANDO PALHETA E ARGAMASSA DE ASSENTAMENTO COM PREPARO EM BETONEIRA. AF_03/2023 | C22: M2 | D22: 81.33
... A9678: 103548 | B9678: VÁLVULA REDUTORA DE PRESSÃO DE FERRO FUNDIDO PARA REDE DE ÁGUA, DN 80 MM, JUNTA FLANGEADA. AF_12/2021 | C9678: UN | D9678: 0

Sheet SINAPI SERVIÇO
A1: PCI.817.01 - CUSTO DE COMPOSIÇÕES - SINTÉTICO DATA DE EMISSÃO: 13/12/2024 00:08:45 DATA DE RT: 12/12/2024
A2: ENCARGOS SOCIAIS DESONERADOS: 85,80%(HORA) 47,74%(MÊS)
A3: ABRANGÊNCIA : NACIONAL LOCALIDADE : SAO PAULO DATA DE PREÇO : 11/2024 REFERÊNCIA COLETA : MEDIANO
A4: CODIGO DA COMPOSICAO | B4: DESCRICAO DA COMPOSICAO | C4: UNIDADE | D4: CUSTO TOTAL
A6: 97141 | B6: ASSENTAMENTO DE TUBO DE FERRO FUNDIDO PARA REDE DE ÁGUA, DN 80 MM, JUNTA ELÁSTICA, INSTALADO EM LOCAL COM NÍVEL ALTO DE INTERFERÊNCIAS (NÃO INCLUI FORNECIMENTO). AF_05/2024 | C6: M | D6: 5.02
A7: 97142 | B7: ASSENTAMENTO DE TUBO DE FERRO FUNDIDO PARA REDE DE ÁGUA, DN 100 MM, JUNTA ELÁSTICA, INSTALADO EM LOCAL COM NÍVEL ALTO DE INTERFERÊNCIAS (NÃO INCLUI FORNECIMENTO). AF_05/2024 | C7: M | D7: 5.83
A8: 97143 | B8: ASSENTAMENTO DE TUBO DE FERRO FUNDIDO PARA REDE DE ÁGUA, DN 150 MM, JUNTA ELÁSTICA, INSTALADO EM LOCAL COM NÍVEL ALTO DE INTERFERÊNCIAS (NÃO INCLUI FORNECIMENTO). AF_05/2024 | C8: M | D8: 7.79
A9: 97144 | B9: ASSENTAMENTO DE TUBO DE FERRO FUNDIDO PARA REDE DE ÁGUA, DN 200 MM, JUNTA ELÁSTICA, INSTALADO EM LOCAL COM NÍVEL ALTO DE INTERFERÊNCIAS (NÃO INCLUI FORNECIMENTO). AF_05/2024 | C9: M | D9: 9.73
A10: 97145 | B10: ASSENTAMENTO DE TUBO DE FERRO FUNDIDO PARA REDE DE ÁGUA, DN 250 MM, JUNTA ELÁSTICA, INSTALADO EM LOCAL COM NÍVEL ALTO DE INTERFERÊNCIAS (NÃO INCLUI FORNECIMENTO). AF_05/2024 | C10: M | D10: 11.7
A11: 97146 | B11: ASSENTAMENTO DE TUBO DE FERRO FUNDIDO PARA REDE DE ÁGUA, DN 300 MM, JUNTA ELÁSTICA, INSTALADO EM LOCAL COM NÍVEL ALTO DE INTERFERÊNCIAS (NÃO INCLUI FORNECIMENTO). AF_05/2024 | C11: M | D11: 13.68
A12: 97147 | B12: ASSENTAMENTO DE TUBO DE FERRO FUNDIDO PARA REDE DE ÁGUA, DN 350 MM, JUNTA ELÁSTICA, INSTALADO EM LOCAL COM NÍVEL ALTO DE INTERFERÊNCIAS (NÃO INCLUI FORNECIMENTO). AF_05/2024 | C12: M | D12: 15.64
A13: 97148 | B13: ASSENTAMENTO DE TUBO DE FERRO FUNDIDO PARA REDE DE ÁGUA, DN 400 MM, JUNTA ELÁSTICA, INSTALADO EM LOCAL COM NÍVEL ALTO DE INTERFERÊNCIAS (NÃO INCLUI FORNECIMENTO). AF_05/2024 | C13: M | D13: 17.61
A14: 97149 | B14: ASSENTAMENTO DE TUBO DE FERRO FUNDIDO PARA REDE DE ÁGUA, DN 450 MM, JUNTA ELÁSTICA, INSTALADO EM LOCAL COM NÍVEL ALTO DE INTERFERÊNCIAS (NÃO INCLUI FORNECIMENTO). AF_05/2024 | C14: M | D14: 19.61
A15: 97150 | B15: ASSENTAMENTO DE TUBO DE FERRO FUNDIDO PARA REDE DE ÁGUA, DN 500 MM, JUNTA ELÁSTICA, INSTALADO EM LOCAL COM NÍVEL ALTO DE INTERFERÊNCIAS (NÃO INCLUI FORNECIMENTO). AF_05/2024 | C15: M | D15: 24.91
A16: 97151 | B16: ASSENTAMENTO DE TUBO DE FERRO FUNDIDO PARA REDE DE ÁGUA, DN 600 MM, JUNTA ELÁSTICA, INSTALADO EM LOCAL COM NÍVEL ALTO DE INTERFERÊNCIAS (NÃO INCLUI FORNECIMENTO). AF_05/2024 | C16: M | D16: 29.37
A17: 97152 | B17: ASSENTAMENTO DE TUBO DE FERRO FUNDIDO PARA REDE DE ÁGUA, DN 700 MM, JUNTA ELÁSTICA, INSTALADO EM LOCAL COM NÍVEL ALTO DE INTERFERÊNCIAS (NÃO INCLUI FORNECIMENTO). AF_05/2024 | C17: M | D17: 33.63
... A7821: 101460 | B7821: VIGIA DIURNO COM ENCARGOS COMPLEMENTARES | C7821: MES | D7821: 5044.99

Sheet SINAP INSUMO
A1: PRECOS DE INSUMOS
A2: MES DE COLETA: 11/2024
A3: LOCALIDADE: 2840 - SAO PAULO
A4: ENCARGOS SOCIAIS (%) HORISTA 85,80 MENSALISTA 47,74
A6: CODIGO | B6: DESCRICAO DO INSUMO | C6: UNIDADE | D6: PRECO MEDIANO R$
A7: 38605 | B7: ABERTURA PARA ENCAIXE DE CUBA OU LAVATORIO EM BANCADA DE MARMORE/ GRANITO OU OUTRO TIPO DE PEDRA NATURAL | C7: UN | D7: 161.7
A8: 11270 | B8: ABRACADEIRA DE LATAO PARA FIXACAO DE CABO PARA-RAIO, DIMENSOES 32 X 24 X 24 MM | C8: UN | D8: 2.62
A9: 412 | B9: ABRACADEIRA DE NYLON PARA AMARRACAO DE CABOS, COMPRIMENTO DE *230* X *7,6* MM | C9: UN | D9: 1.08
A10: 414 | B10: ABRACADEIRA DE NYLON PARA AMARRACAO DE CABOS, COMPRIMENTO DE 100 X 2,5 MM | C10: UN | D10: 0.06
A11: 410 | B11: ABRACADEIRA DE NYLON PARA AMARRACAO DE CABOS, COMPRIMENTO DE 150 X *3,6* MM | C11: UN | D11: 0.16
A12: 411 | B12: ABRACADEIRA DE NYLON PARA AMARRACAO DE CABOS, COMPRIMENTO DE 200 X *4,6* MM | C12: UN | D12: 0.21
A13: 408 | B13: ABRACADEIRA DE NYLON PARA AMARRACAO DE CABOS, COMPRIMENTO DE 390 X *4,6* MM | C13: UN | D13: 1.04
A14: 39131 | B14: ABRACADEIRA EM ACO PARA AMARRACAO DE ELETRODUTOS, TIPO D, COM 1 1/2" E CUNHA DE FIXACAO | C14: UN | D14: 3.55
A15: 394 | B15: ABRACADEIRA EM ACO PARA AMARRACAO DE ELETRODUTOS, TIPO D, COM 1 1/2" E PARAFUSO DE FIXACAO | C15: UN | D15: 3.6
A16: 39130 | B16: ABRACADEIRA EM ACO PARA AMARRACAO DE ELETRODUTOS, TIPO D, COM 1 1/4" E CUNHA DE FIXACAO | C16: UN | D16: 3.24
A17: 395 | B17: ABRACADEIRA EM ACO PARA AMARRACAO DE ELETRODUTOS, TIPO D, COM 1 1/4" E PARAFUSO DE FIXACAO | C17: UN | D17: 3.46
A18: 39127 | B18: ABRACADEIRA EM ACO PARA AMARRACAO DE ELETRODUTOS, TIPO D, COM 1/2" E CUNHA DE FIXACAO | C18: UN | D18: 1.71
... A4846: 41096 | B4846: VIGIA DIURNO (MENSALISTA) | C4846: MES | D4846: 3459.9

Sheet SIURB
A1: CÓDIGO | B1: DESCRIÇÃO | C1: UNIDADE | D1: CUSTO UNIT R$
A2: 10000 | B2: SERVICOS PRELIMINARES
A3: 10100 | B3: LIMPEZA DO TERRENO | C3: . | D3: .
A4: 10101 | B4: LIMPEZA MECANIZADA GERAL, INCLUSIVE REMOÇÃO DA COBERTURA VEGETAL - TRONCOS COM DIÂMETRO ATÉ 10CM - SEM TRANSPORTE | C4: M2 | D4: 1.89
A5: 10102 | B5: DESTOCAMENTO, INCLUSIVE REMOÇÃO DAS RAÍZES - DIÂMETROS DE 10,01 À 30CM | C5: UN | D5: 61.06
A6: 10103 | B6: DESTOCAMENTO, INCLUSIVE REMOÇÃO DAS RAÍZES - DIÂMETRO 30,01 À 50 CM | C6: UN | D6: 169.75
A7: 10104 | B7: DESTOCAMENTO, INCLUSIVE REMOÇÃO DAS RAÍZES - DIÂMETROS MAIORES QUE 50 CM | C7: UN | D7: 202.23
A8: 10105 | B8: CARGA MECANIZADA E REMOÇÃO DE ENTULHO, INCLUSIVE TRANSPORTE ATÉ 1KM | C8: M3 | D8: 14.77
A9: 10106 | B9: CARGA MANUAL E REMOÇÃO DE ENTULHO, INCLUSIVE TRANSPORTE ATÉ 1 KM | C9: M3 | D9: 36.53
A10: 10107 | B10: REMOÇÃO DE ENTULHO COM CAÇAMBA METÁLICA, INCLUSIVE CARGA MANUAL E DESCARGA EM BOTA-FORA | C10: M3 | D10: 114.91
A11: 10108 | B11: LIMPEZA MANUAL GERAL INCLUSIVE REMOÇÃO DE COBERTURA VEGETAL - TRONCO ATÉ 10CM - SEM TRANSPORTE | C11: M2 | D11: 5.5
A12: 10109 | B12: DESTOCAMENTO MANUAL, INCLUSIVE REMOÇÃO DE RAÍZES - DIÂMETRO 10,01 À 30 CM | C12: UN | D12: 65.97
A13: 10110 | B13: TRANSPORTE DE ENTULHO POR CAMINHÃO BASCULANTE, A PARTIR DE 1KM | C13: M3XKM | D13: 2.52
A14: 10120 | B14: CORTE, RECORTE E REMOÇÃO DE ÁRVORES INCLUSIVE RAIZES DIÂM. > 5 E < 15CM | C14: UN | D14: 198.8
A15: 10121 | B15: CORTE, RECORTE E REMOÇÃO DE ÁRVORES INCLUSIVE RAIZES DIÂM. > 15 E < 30CM | C15: UN | D15: 589.49
... A18: 10124 | B18: CORTE, RECORTE E REMOÇÃO DE ÁRVORES INCLUSIVE RAIZES DIÂM. > 90CM | C18: UN | D18: 1031.61
A19: 10200 | B19: MOVIMENTO DE TERRA MANUAL | C19: . | D19: .
A20: 10201 | B20: CORTE | C20: M3 | D20: 43.98
A21: 10202 | B21: CORTE E ESPALHAMENTO DENTRO DA OBRA | C21: M3 | D21: 54.98
A22: 10205 | B22: ATERRO, INCLUSIVE COMPACTAÇÃO | C22: M3 | D22: 32.99
A23: 10210 | B23: CARGA MECANIZADA E REMOÇÃO DE TERRA, INCLUSIVE TRANSPORTE ATÉ 1KM | C23: M3 | D23: 18.15
A24: 10211 | B24: CARGA MANUAL E REMOÇÃO DE TERRA, INCLUSIVE TRANSPORTE ATÉ 1 KM | C24: M3 | D24: 38.99
A25: 10300 | B25: MOVIMENTO DE TERRA MECANIZADO | C25: . | D25: .
A26: 10301 | B26: CORTE E ESPALHAMENTO DENTRO DA OBRA | C26: M3 | D26: 19.53
A27: 10302 | B27: CORTE E ATERRO COMPACTADO | C27: M3 | D27: 22.47
A28: 10303 | B28: CORTE E CARREGAMENTO PARA BOTA-FORA, INCLUSIVE TRANSPORTE ATÉ 1KM | C28: M3 | D28: 30.11
A29: 10305 | B29: FORNECIMENTO DE TERRA, INCLUSIVE CORTE, CARGA, DESCARGA E TRANSPORTE ATÉ 1KM | C29: M3 | D29: 34.19
A30: 10306 | B30: ATERRO, INCLUSIVE COMPACTAÇÃO | C30: M3 | D30: 7.92
A31: 10310 | B31: TRANSPORTE DE TERRA POR CAMINHÃO BASCULANTE, A PARTIR DE 1KM | C31: M3XKM | D31: 3.24
A32: 10400 | B32: DRENAGEM DO TERRENO | C32: . | D32: .
A33: 10401 | B33: ESCAVAÇÃO MANUAL, PROFUNDIDADE IGUAL OU INFERIOR A 1,50M | C33: M3 | D33: 65.97
A34: 10402 | B34: ESCAVAÇÃO MANUAL, PROFUNDIDADE SUPERIOR A 1,50M | C34: M3 | D34: 76.97
A35: 10405 | B35: ESCORAMENTO DE VALAS, CONTINUO | C35: M2 | D35: 117.39
A36: 10406 | B36: ESCORAMENTO DE VALAS, DESCONTINUO | C36: M2 | D36: 68.52
A37: 10410 | B37: APILOAMENTO DO FUNDO DE VALAS, PARA SIMPLES REGULARIZAÇÃO | C37: M2 | D37: 5.5
A38: 10414 | B38: LASTRO DE AGREGADO RECICLADO | C38: M3 | D38: 117.83
A39: 10415 | B39: LASTRO DE BRITA | C39: M3 | D39: 183.68
A40: 10416 | B40: LASTRO DE CONCRETO, 150KG CIM/M3 | C40: M3 | D40: 478.71
A41: 10417 | B41: LASTRO DE CONCRETO COM AGREGADO RECICLADO, 150 KG CIM/M3 | C41: M3 | D41: 425.7
A42: 10420 | B42: TUBO DE PEAD CORRUGADO E PERFURADOPARA DRENAGEM - DIÂMETRO 2,5" (EM ACORDO COM AS NORMAS DNIT 093/06, NBR 15073 E NBR 14692) | C42: M | D42: 20.99
A43: 10421 | B43: TUBO DE PEAD CORRUGADO E PERFURADOPARA DRENAGEM - DIÂMETRO 3,0" (EM ACORDO COM AS NORMAS DNIT 093/06, NBR 15073 E NBR 14692) | C43: M | D43: 23.81
A44: 10422 | B44: TUBO DE PEAD CORRUGADO E PERFURADOPARA DRENAGEM - DIÂMETRO 4,0" (EM ACORDO COM AS NORMAS DNIT 093/06, NBR 15073 E NBR 14692) | C44: M | D44: 28.5
... A66: 10480 | B66: REATERRO DE VALAS, INCLUSIVE COMPACTAÇÃO | C66: M3 | D66: 13.67
A67: 10500 | B67: TAPUMES | C67: . | D67: .
A68: 10501 | B68: TAPUME CHAPA COMPENSADA 6MM | C68: M2 | D68: 84.27
A69: 10502 | B69: TAPUME CHAPA COMPENSADA RESINADA 10MM | C69: M2 | D69: 95.59
A70: 10505 | B70: TAPUME METÁLICO COM TELHA METÁLICA, SEM PINTURA, TRAPEZOIDAL 40 ESP=0,43MM, COLUNAS, BASES E PARAFUSOS | C70: M2 | D70: 156.76
A71: 10506 | B71: PORTÃO METÁLICO DE OBRA - 5M, PIVOTANTE, 2 FOLHAS, PARA TAPUME | C71: M2 | D71: 324.83
A72: 10507 | B72: PORTÃO DE PEDESTRES - 1,15M, PARA TAPUME | C72: M2 | D72: 254.86
A73: 10540 | B73: TELA PARA PROTEÇÃO DE OBRAS, MALHA 2 MM | C73: M2 | D73: 28.06
A74: 20000 | B74: FUNDACOES
A75: 20100 | B75: FUNDAÇÃO PROFUNDA | C75: . | D75: .
A76: 20101 | B76: BROCA DE CONCRETO - DIÂMETRO DE 20CM | C76: M | D76: 58.28
A77: 20102 | B77: BROCA DE CONCRETO - DIÂMETRO DE 25CM | C77: M | D77: 88.46
A78: 20103 | B78: BROCA DE CONCRETO - DIÂMETRO DE 30CM | C78: M | D78: 131.29
A79: 20105 | B79: ESTACA DE CONCRETO MOLDADA NO LOCAL, TIPO "STRAUSS" - ATÉ 20T | C79: M | D79: 63.29
A80: 20106 | B80: ESTACA DE CONCRETO MOLDADA NO LOCAL, TIPO "STRAUSS" - ATÉ 30T | C80: M | D80: 80.69
A81: 20107 | B81: ESTACA DE CONCRETO MOLDADA NO LOCAL, TIPO "STRAUSS" - ATÉ 40T | C81: M | D81: 105.65
A82: 20108 | B82: ESTACA DE CONCRETO MOLDADA NO LOCAL, TIPO "STRAUSS" - ATÉ 60T | C82: M | D82: 145.41
A83: 20120 | B83: TUBULÃO - ESCAVAÇÃO A CÉU ABERTO, COM PÁ E PICARETA | C83: M3 | D83: 535.19
A84: 20134 | B84: TUBULÃO A CÉU ABERTO FCK=20 MPA | C84: M3 | D84: 726.68
A85: 20143 | B85: EMENDA DE ESTACA DE CONCRETO PRÉ-MOLDADA - DIÂMETRO 17 CM - 20 T | C85: UN | D85: 56.14
A86: 20144 | B86: EMENDA DE ESTACA DE CONCRETO PRÉ-MOLDADA - DIÂMETRO 20 CM - 30 T | C86: UN | D86: 64.64
A87: 20145 | B87: EMENDA DE ESTACA DE CONCRETO PRÉ-MOLDADA - DIÂMETRO 23 CM - 40 T | C87: UN | D87: 71.55
... A120: 20195 | B120: ESTACA ESCAVADA HÉLICE CONTÍNUA - DIÂMETRO 60CM - EXCLUSIVE MATERIAIS | C120: M | D120: 79.35
A121: 20200 | B121: VALAS | C121: . | D121: .
A122: 20201 | B122: ESCAVAÇÃO MANUAL COM PROFUNDIDADE IGUAL OU INFERIOR A 1,50M | C122: M3 | D122: 65.97
A123: 20202 | B123: ESCAVAÇÃO MANUAL COM PROFUNDIDADE SUPERIOR A 1,50M | C123: M3 | D123: 76.97
A124: 20205 | B124: ESCORAMENTO DE VALAS - CONTINUO | C124: M2 | D124: 117.4
A125: 20206 | B125: ESCORAMENTO DE VALAS - DESCONTINUO | C125: M2 | D125: 68.52
A126: 20210 | B126: APILOAMENTO DO FUNDO DE VALAS, PARA SIMPLES REGULARIZAÇÃO | C126: M2 | D126: 5.5
A127: 20211 | B127: APILOAMENTO DO FUNDO DE VALAS, COM SOQUETE VIBRATÓRIO | C127: M2 | D127: 3.71
A128: 20215 | B128: LASTRO DE BRITA | C128: M3 | D128: 183.68
A129: 20216 | B129: LASTRO DE CONCRETO - 150KG CIM/M3 | C129: M3 | D129: 478.71
A130: 20217 | B130: LASTRO DE CONCRETO COM AGREGADO RECICLADO - 150 KG CIM/M3 | C130: M3 | D130: 425.7
A131: 20300 | B131: FUNDAÇÃO - FORMA | C131: . | D131: .
A132: 20301 | B132: FORMA COMUM DE TÁBUAS DE PINUS | C132: M2 | D132: 80.78
A133: 20304 | B133: FORMA COMUM DE TÁBUAS DE PINUS - NÃO RECUPERÁVEL | C133: M2 | D133: 103.49
A134: 20400 | B134: FUNDAÇÃO - ARMADURA | C134: . | D134: .
A135: 20404 | B135: ARMADURA EM AÇO CA-50 | C135: KG | D135: 13.39
A136: 20407 | B136: ARMADURA EM AÇO CA-60 | C136: KG | D136: 14.15
A137: 20409 | B137: ARMADURA EM AÇO CA-60 - TELA | C137: KG | D137: 16.36
A138: 20500 | B138: FUNDAÇÃO - CONCRETO | C138: . | D138: .
A139: 20505 | B139: CONCRETO FCK=15,0MPA - VIRADO NA OBRA | C139: M3 | D139: 578.66
A140: 20506 | B140: CONCRETO FCK=20,0MPA - VIRADO NA OBRA | C140: M3 | D140: 598.55
A141: 20508 | B141: CONCRETO FCK=15,0MPA - USINADO | C141: M3 | D141: 473.79
A142: 20509 | B142: CONCRETO FCK=20,0MPA - USINADO | C142: M3 | D142: 491.97
A143: 20510 | B143: CONCRETO FCK=25MPA - USINADO | C143: M3 | D143: 510.97
A144: 20511 | B144: CONCRETO FCK=30MPA - USINADO | C144: M3 | D144: 530.83
A145: 20600 | B145: EMBASAMENTO | C145: . | D145: .
A146: 20601 | B146: ALVENARIA DE EMBASAMENTO - TIJOLOS MACIÇOS COMUNS | C146: M3 | D146: 970.14
A147: 20605 | B147: IMPERMEABILIZAÇÃO DO RESPALDO DA FUNDAÇÃO - ARGAMASSA IMPERMEÁVEL | C147: M2 | D147: 116.62
A148: 20610 | B148: REATERRO DE VALAS, INCLUSIVE APILOAMENTO | C148: M3 | D148: 32.99
A149: 25000 | B149: DEMOLIÇÕES | C149: . | D149: .
A150: 25001 | B150: DEMOLIÇÃO DE ALVENARIA DE EMBASAMENTO - TIJOLOS MACIÇOS COMUNS | C150: M3 | D150: 74.09
A151: 25003 | B151: DEMOLIÇÃO MANUAL DE CONCRETO SIMPLES | C151: M3 | D151: 241.89
A152: 25004 | B152: DEMOLIÇÃO MANUAL DE CONCRETO ARMADO | C152: M3 | D152: 439.81
A153: 25005 | B153: DEMOLIÇÃO MECANIZADA DE CONCRETO SIMPLES | C153: M3 | D153: 207
A154: 25006 | B154: DEMOLIÇÃO MECANIZADA DE CONCRETO ARMADO | C154: M3 | D154: 414
A155: 29000 | B155: OUTROS SERVIÇOS | C155: . | D155: .
...

Sheet ponto de onibus rocio (3)
A1: GOVERNO DO MUNICIPIO DE IGUAPE
A2: Estância Balneária – Princesa do Litoral Sul
A3: OBRA: Serviço de instalação de pontos de ônibus
A4: LOCAL: Avenida Júlio Franco e Rua Itapema - ROCIO
A5: PLANILHA ORÇAMENTÁRIA
A9: ITEM | B9: FONTE | C9: CÓDIGO | D9: DESCRIÇÃO | E9: UNID. | F9: QUANT.
A10: 1 | D10: PONTO DE ÔNIBUS - AVENIDA JULIO FRANCO
A11: 1.1 | D11: SERVIÇOS PRELIMINARES
A12: 1.1.1 | B12: CDHU | C12: 02.08.020 | D12: =VLOOKUP(C12,CDHU_200!A:F,2,0) -> Placa de identificação para obra | E12: =VLOOKUP(C12,CDHU_200!A:F,3,0) -> M2 | F12: 2
A13: 1.1.2 | B13: CDHU | C13: 03.01.020 | D13: =VLOOKUP(C13,CDHU_200!A:F,2,0) -> Demolição manual de concreto simples | E13: =VLOOKUP(C13,CDHU_200!A:F,3,0) -> M3 | F13: 0.58
A14: 1.1.3 | B14: CDHU | C14: 05.07.040 | D14: =VLOOKUP(C14,CDHU_200!A:F,2,0) -> Remoção de entulho separado de obra com caçamba metálica - terra, alvenaria, concreto, argamassa, madeira, papel, plástico ou metal | E14: =VLOOKUP(C14,CDHU_200!A:F,3,0) -> M3 | F14: 3.31
A15: 1.1.4 | B15: CDHU | C15: 07.10.020 | D15: =VLOOKUP(C15,CDHU_200!A:F,2,0) -> Espalhamento de solo em bota-fora com compactação sem controle | E15: =VLOOKUP(C15,CDHU_200!A:F,3,0) -> M3 | F15: 0.58
A17: 1.2 | D17: FUNDAÇÃO
A18: 1.2.1 | B18: CDHU | C18: 06.01.020 | D18: =VLOOKUP(C18,CDHU_200!A:F,2,0) -> Escavação manual em solo de 1ª e 2ª categoria em campo aberto | E18: =VLOOKUP(C18,CDHU_200!A:F,3,0) -> M3 | F18: 2.73
A19: 1.2.2 | B19: CDHU | C19: 12.01.021 | D19: =VLOOKUP(C19,CDHU_200!A:F,2,0) -> Broca em concreto armado diâmetro de 20 cm - completa | E19: =VLOOKUP(C19,CDHU_200!A:F,3,0) -> M | F19: 8
A20: 1.2.3 | B20: CDHU | C20: 07.10.020 | D20: =VLOOKUP(C20,CDHU_200!A:F,2,0) -> Espalhamento de solo em bota-fora com compactação sem controle | E20: =VLOOKUP(C20,CDHU_200!A:F,3,0) -> M3 | F20: 2.73
A21: 1.2.4 | B21: CDHU | C21: 11.18.040 | D21: =VLOOKUP(C21,CDHU_200!A:F,2,0) -> Lastro de pedra britada | E21: =VLOOKUP(C21,CDHU_200!A:F,3,0) -> M3 | F21: 0.16
A22: 1.2.5 | B22: CDHU | C22: 09.01.020 | D22: =VLOOKUP(C22,CDHU_200!A:F,2,0) -> Forma em madeira comum para fundação | E22: =VLOOKUP(C22,CDHU_200!A:F,3,0) -> M2 | F22: 7.95
A23: 1.2.6 | B23: CDHU | C23: 10.01.040 | D23: =VLOOKUP(C23,CDHU_200!A:F,2,0) -> Armadura em barra de aço CA-50 (A ou B) fyk = 500 MPa | E23: =VLOOKUP(C23,CDHU_200!A:F,3,0) -> KG | F23: 42.64
A24: 1.2.7 | B24: CDHU | C24: 11.03.090 | D24: =VLOOKUP(C24,CDHU_200!A:F,2,0) -> Concreto preparado no local, fck = 20 MPa | E24: =VLOOKUP(C24,CDHU_200!A:F,3,0) -> M3 | F24: 0.71
A25: 1.2.8 | B25: CDHU | C25: 11.16.040 | D25: =VLOOKUP(C25,CDHU_200!A:F,2,0) -> Lançamento e adensamento de concreto ou massa em fundação | E25: =VLOOKUP(C25,CDHU_200!A:F,3,0) -> M3 | F25: 0.71
A27: 1.3 | D27: ESTRUTURA
A28: 1.3.1 | B28: CDHU | C28: 10.01.040 | D28: =VLOOKUP(C28,CDHU_200!A:F,2,0) -> Armadura em barra de aço CA-50 (A ou B) fyk = 500 MPa | E28: =VLOOKUP(C28,CDHU_200!A:F,3,0) -> KG | F28: 75.47
A29: 1.3.2 | B29: CDHU | C29: 09.02.040 | D29: =VLOOKUP(C29,CDHU_200!A:F,2,0) -> Forma plana em compensado para estrutura aparente | E29: =VLOOKUP(C29,CDHU_200!A:F,3,0) -> M2 | F29: 15.76
A30: 1.3.3 | B30: CDHU | C30: 11.03.090 | D30: =VLOOKUP(C30,CDHU_200!A:F,2,0) -> Concreto preparado no local, fck = 20 MPa | E30: =VLOOKUP(C30,CDHU_200!A:F,3,0) -> M3 | F30: 1.01
A31: 1.3.4 | B31: CDHU | C31: 11.16.060 | D31: =VLOOKUP(C31,CDHU_200!A:F,2,0) -> Lançamento e adensamento de concreto ou massa em estrutura | E31: =VLOOKUP(C31,CDHU_200!A:F,3,0) -> M3 | F31: 1.01
A33: 1.4 | D33: COBERTURA
A34: 1.4.1 | B34: CDHU | C34: 13.01.310 | D34: =VLOOKUP(C34,CDHU_200!A:F,2,0) -> Laje pré-fabricada unidirecional em viga treliçada/lajota em EPS LT 12 (8 + 4), com capa de concreto de 25 MPa | E34: =VLOOKUP(C34,CDHU_200!A:F,3,0) -> M2 | F34: 23.04
A35: 1.4.2 | B35: CDHU | C35: 09.01.030 | D35: =VLOOKUP(C35,CDHU_200!A:F,2,0) -> Forma em madeira comum para estrutura | E35: =VLOOKUP(C35,CDHU_200!A:F,3,0) -> M2 | F35: 5.88
A36: 1.4.3 | B36: CDHU | C36: 10.02.020 | D36: =VLOOKUP(C36,CDHU_200!A:F,2,0) -> Armadura em tela soldada de aço | E36: =VLOOKUP(C36,CDHU_200!A:F,3,0) -> KG | F36: 22.8
A37: 1.4.4 | B37: CDHU | C37: 10.01.040 | D37: =VLOOKUP(C37,CDHU_200!A:F,2,0) -> Armadura em barra de aço CA-50 (A ou B) fyk = 500 MPa | E37: =VLOOKUP(C37,CDHU_200!A:F,3,0) -> KG | F37: 130.32
A38: 1.4.5 | B38: CDHU | C38: 32.16.050 | D38: =VLOOKUP(C38,CDHU_200!A:F,2,0) -> Impermeabilização em membrana à base de polímeros acrílicos, na cor branca | E38: =VLOOKUP(C38,CDHU_200!A:F,3,0) -> M2 | F38: 23.04
A40: 1.5 | D40: BANCO E PASSEIO
A41: 1.5.1 | B41: CDHU | C41: 17.03.080 | D41: =VLOOKUP(C41,CDHU_200!A:F,2,0) -> Cimentado semi-áspero | E41: =VLOOKUP(C41,CDHU_200!A:F,3,0) -> M2 | F41: 23.04
A42: 1.5.2 | B42: CDHU | C42: 09.02.040 | D42: =VLOOKUP(C42,CDHU_200!A:F,2,0) -> Forma plana em compensado para estrutura aparente | E42: =VLOOKUP(C42,CDHU_200!A:F,3,0) -> M2 | F42: 6.21
A43: 1.5.3 | B43: CDHU | C43: 10.01.040 | D43: =VLOOKUP(C43,CDHU_200!A:F,2,0) -> Armadura em barra de aço CA-50 (A ou B) fyk = 500 MPa | E43: =VLOOKUP(C43,CDHU_200!A:F,3,0) -> KG | F43: 12.31
A44: 1.5.4 | B44: CDHU | C44: 11.03.090 | D44: =VLOOKUP(C44,CDHU_200!A:F,2,0) -> Concreto preparado no local, fck = 20 MPa | E44: =VLOOKUP(C44,CDHU_200!A:F,3,0) -> M3 | F44: 0.42
A45: 1.5.5 | B45: CDHU | C45: 11.16.060 | D45: =VLOOKUP(C45,CDHU_200!A:F,2,0) -> Lançamento e adensamento de concreto ou massa em estrutura | E45: =VLOOKUP(C45,CDHU_200!A:F,3,0) -> M3 | F45: 0.42
A47: 1.6 | D47: TRATAMENTO DE CONCRETO APARENTE
A48: 1.6.1 | B48: CDHU | C48: 33.01.050 | D48: =VLOOKUP(C48,CDHU_200!A:F,2,0) -> Estucamento e lixamento de concreto | E48: =VLOOKUP(C48,CDHU_200!A:F,3,0) -> M2 | F48: 38.8
A49: 1.6.2 | B49: CDHU | C49: 33.03.760 | D49: =VLOOKUP(C49,CDHU_200!A:F,2,0) -> Hidrorepelente incolor à base de silano-siloxano oligomérico disperso em água | E49: =VLOOKUP(C49,CDHU_200!A:F,3,0) -> M2 | F49: 38.8
A50: 1.6.3 | B50: CDHU | C50: 33.03.780 | D50: =VLOOKUP(C50,CDHU_200!A:F,2,0) -> Verniz de proteção antipichação | E50: =VLOOKUP(C50,CDHU_200!A:F,3,0) -> M2 | F50: 38.8
A52: 2 | D52: PONTO DE ÔNIBUS - RUA ITAPEMA
A53: 2.1 | D53: SERVIÇOS PRELIMINARES
A54: 2.1.1 | B54: CDHU | C54: 02.08.020 | D54: =VLOOKUP(C54,CDHU_200!A:F,2,0) -> Placa de identificação para obra | E54: =VLOOKUP(C54,CDHU_200!A:F,3,0) -> M2 | F54: 2
A55: 2.1.2 | B55: CDHU | C55: 03.01.020 | D55: =VLOOKUP(C55,CDHU_200!A:F,2,0) -> Demolição manual de concreto simples | E55: =VLOOKUP(C55,CDHU_200!A:F,3,0) -> M3 | F55: 0.58
A56: 2.1.3 | B56: CDHU | C56: 05.07.040 | D56: =VLOOKUP(C56,CDHU_200!A:F,2,0) -> Remoção de entulho separado de obra com caçamba metálica - terra, alvenaria, concreto, argamassa, madeira, papel, plástico ou metal | E56: =VLOOKUP(C56,CDHU_200!A:F,3,0) -> M3 | F56: 3.31 | G56: '
A57: 2.1.4 | B57: CDHU | C57: 07.10.020 | D57: =VLOOKUP(C57,CDHU_200!A:F,2,0) -> Espalhamento de solo em bota-fora com compactação sem controle | E57: =VLOOKUP(C57,CDHU_200!A:F,3,0) -> M3 | F57: 0.58
A59: 2.2 | D59: FUNDAÇÃO
A60: 2.2.1 | B60: CDHU | C60: 06.01.020 | D60: =VLOOKUP(C60,CDHU_200!A:F,2,0) -> Escavação manual em solo de 1ª e 2ª categoria em campo aberto | E60: =VLOOKUP(C60,CDHU_200!A:F,3,0) -> M3 | F60: 2.73
A61: 2.2.2 | B61: CDHU | C61: 12.01.021 | D61: =VLOOKUP(C61,CDHU_200!A:F,2,0) -> Broca em concreto armado diâmetro de 20 cm - completa | E61: =VLOOKUP(C61,CDHU_200!A:F,3,0) -> M | F61: 8
A62: 2.2.3 | B62: CDHU | C62: 07.10.020 | D62: =VLOOKUP(C62,CDHU_200!A:F,2,0) -> Espalhamento de solo em bota-fora com compactação sem controle | E62: =VLOOKUP(C62,CDHU_200!A:F,3,0) -> M3 | F62: 2.73
A63: 2.2.4 | B63: CDHU | C63: 11.18.040 | D63: =VLOOKUP(C63,CDHU_200!A:F,2,0) -> Lastro de pedra britada | E63: =VLOOKUP(C63,CDHU_200!A:F,3,0) -> M3 | F63: 0.16
A64: 2.2.5 | B64: CDHU | C64: 09.01.020 | D64: =VLOOKUP(C64,CDHU_200!A:F,2,0) -> Forma em madeira comum para fundação | E64: =VLOOKUP(C64,CDHU_200!A:F,3,0) -> M2 | F64: 7.95
A65: 2.2.6 | B65: CDHU | C65: 10.01.040 | D65: =VLOOKUP(C65,CDHU_200!A:F,2,0) -> Armadura em barra de aço CA-50 (A ou B) fyk = 500 MPa | E65: =VLOOKUP(C65,CDHU_200!A:F,3,0) -> KG | F65: 42.64
A66: 2.2.7 | B66: CDHU | C66: 11.03.090 | D66: =VLOOKUP(C66,CDHU_200!A:F,2,0) -> Concreto preparado no local, fck = 20 MPa | E66: =VLOOKUP(C66,CDHU_200!A:F,3,0) -> M3 | F66: 0.71
A67: 2.2.8 | B67: CDHU | C67: 11.16.040 | D67: =VLOOKUP(C67,CDHU_200!A:F,2,0) -> Lançamento e adensamento de concreto ou massa em fundação | E67: =VLOOKUP(C67,CDHU_200!A:F,3,0) -> M3 | F67: 0.71
A69: 2.3 | D69: ESTRUTURA
A70: 2.3.1 | B70: CDHU | C70: 10.01.040 | D70: =VLOOKUP(C70,CDHU_200!A:F,2,0) -> Armadura em barra de aço CA-50 (A ou B) fyk = 500 MPa | E70: =VLOOKUP(C70,CDHU_200!A:F,3,0) -> KG | F70: 75.47
A71: 2.3.2 | B71: CDHU | C71: 09.02.040 | D71: =VLOOKUP(C71,CDHU_200!A:F,2,0) -> Forma plana em compensado para estrutura aparente | E71: =VLOOKUP(C71,CDHU_200!A:F,3,0) -> M2 | F71: 15.76
A72: 2.3.3 | B72: CDHU | C72: 11.03.090 | D72: =VLOOKUP(C72,CDHU_200!A:F,2,0) -> Concreto preparado no local, fck = 20 MPa | E72: =VLOOKUP(C72,CDHU_200!A:F,3,0) -> M3 | F72: 1.01
A73: 2.3.4 | B73: CDHU | C73: 11.16.060 | D73: =VLOOKUP(C73,CDHU_200!A:F,2,0) -> Lançamento e adensamento de concreto ou massa em estrutura | E73: =VLOOKUP(C73,CDHU_200!A:F,3,0) -> M3 | F73: 1.01
A75: 2.4 | D75: COBERTURA
A76: 2.4.1 | B76: CDHU | C76: 13.01.310 | D76: =VLOOKUP(C76,CDHU_200!A:F,2,0) -> Laje pré-fabricada unidirecional em viga treliçada/lajota em EPS LT 12 (8 + 4), com capa de concreto de 25 MPa | E76: =VLOOKUP(C76,CDHU_200!A:F,3,0) -> M2 | F76: 23.04
A77: 2.4.2 | B77: CDHU | C77: 09.01.030 | D77: =VLOOKUP(C77,CDHU_200!A:F,2,0) -> Forma em madeira comum para estrutura | E77: =VLOOKUP(C77,CDHU_200!A:F,3,0) -> M2 | F77: 5.88
A78: 2.4.3 | B78: CDHU | C78: 10.02.020 | D78: =VLOOKUP(C78,CDHU_200!A:F,2,0) -> Armadura em tela soldada de aço | E78: =VLOOKUP(C78,CDHU_200!A:F,3,0) -> KG | F78: 22.8
A79: 2.4.4 | B79: CDHU | C79: 10.01.040 | D79: =VLOOKUP(C79,CDHU_200!A:F,2,0) -> Armadura em barra de aço CA-50 (A ou B) fyk = 500 MPa | E79: =VLOOKUP(C79,CDHU_200!A:F,3,0) -> KG | F79: 130.32
A80: 2.4.5 | B80: CDHU | C80: 32.16.050 | D80: =VLOOKUP(C80,CDHU_200!A:F,2,0) -> Impermeabilização em membrana à base de polímeros acrílicos, na cor branca | E80: =VLOOKUP(C80,CDHU_200!A:F,3,0) -> M2 | F80: 23.04
A82: 2.5 | D82: BANCO E PASSEIO
A83: 2.5.1 | B83: CDHU | C83: 17.03.080 | D83: =VLOOKUP(C83,CDHU_200!A:F,2,0) -> Cimentado semi-áspero | E83: =VLOOKUP(C83,CDHU_200!A:F,3,0) -> M2 | F83: 23.04
A84: 2.5.2 | B84: CDHU | C84: 09.02.040 | D84: =VLOOKUP(C84,CDHU_200!A:F,2,0) -> Forma plana em compensado para estrutura aparente | E84: =VLOOKUP(C84,CDHU_200!A:F,3,0) -> M2 | F84: 6.21
A85: 2.5.3 | B85: CDHU | C85: 10.01.040 | D85: =VLOOKUP(C85,CDHU_200!A:F,2,0) -> Armadura em barra de aço CA-50 (A ou B) fyk = 500 MPa | E85: =VLOOKUP(C85,CDHU_200!A:F,3,0) -> KG | F85: 12.31
A86: 2.5.4 | B86: CDHU | C86: 11.03.090 | D86: =VLOOKUP(C86,CDHU_200!A:F,2,0) -> Concreto preparado no local, fck = 20 MPa | E86: =VLOOKUP(C86,CDHU_200!A:F,3,0) -> M3 | F86: 0.42
A87: 2.5.5 | B87: CDHU | C87: 11.16.060 | D87: =VLOOKUP(C87,CDHU_200!A:F,2,0) -> Lançamento e adensamento de concreto ou massa em estrutura | E87: =VLOOKUP(C87,CDHU_200!A:F,3,0) -> M3 | F87: 0.42
A89: 2.6 | D89: TRATAMENTO DE CONCRETO APARENTE
A90: 2.6.1 | B90: CDHU | C90: 33.01.050 | D90: =VLOOKUP(C90,CDHU_200!A:F,2,0) -> Estucamento e lixamento de concreto | E90: =VLOOKUP(C90,CDHU_200!A:F,3,0) -> M2 | F90: 38.8
A91: 2.6.2 | B91: CDHU | C91: 33.03.760 | D91: =VLOOKUP(C91,CDHU_200!A:F,2,0) -> Hidrorepelente incolor à base de silano-siloxano oligomérico disperso em água | E91: =VLOOKUP(C91,CDHU_200!A:F,3,0) -> M2 | F91: 38.8
A92: 2.6.3 | B92: CDHU | C92: 33.03.780 | D92: =VLOOKUP(C92,CDHU_200!A:F,2,0) -> Verniz de proteção antipichação | E92: =VLOOKUP(C92,CDHU_200!A:F,3,0) -> M2 | F92: 38.8
A96: Observação: Valores retirados do Boletim Referencial de Custos CDHU 200 com desoneração.

Sheet SINAPI 052024
B1: BANCO DE CUSTOS - REFERÊNCIA 1.8
B2: DATA PREÇO / RT (SINAPI): | D2: LOCALIDADE / DATA EMISSÃO (SINAPI):
B3: 05/2024 | D3: SAO PAULO
B4: 13/06/2024 | D4: 27/06/2024
B5: FONTE | C5: CÓDIGO | D5: DESCRIÇÃO | E5: UNIDADE | F5: DESONERADO | G5: NÃO DESONERADO
A7: =CONCATENAR -> #REF! | B7: =OFFSET([1]Composições!$A$1,MATCH(COUNTIF($H$1:$H7,"Composições"),[1]Composições!$K$1:$K$65536,0)-1,COLUMN('[2]SINAPI 05_2024'!B$6)-1) -> #VALUE! | C7: =OFFSET([1]Composições!$A$1,MATCH(COUNTIF($H$1:$H7,"Composições"),[1]Composições!$K$1:$K$65536,0)-1,COLUMN('[2]SINAPI 05_2024'!C$6)-1) -> #VALUE! | D7: =IF(COUNTIF(OFFSET('[2]SINAPI 05_2024'!$A$6,1,0,NCOMPOSICOES),$A7)>1,"CÓDIGO REPETIDO",OFFSET([1]Composições!$A$1,MATCH(COUNTIF($H$1:$H7,"Composições"),[1]Composições!$K$1:$K$65536,0)-1,COLUMN('[2]SINAPI 05_2024'!D$6)-1)) -> #VALUE! | E7: =OFFSET([1]Composições!$A$1,MATCH(COUNTIF($H$1:$H7,"Composições"),[1]Composições!$K$1:$K$65536,0)-1,COLUMN('[2]SINAPI 05_2024'!E$6)-1) -> #VALUE! | F7: =OFFSET([1]Composições!$A$1,MATCH(COUNTIF($H$1:$H7,"Composições"),[1]Composições!$K$1:$K$65536,0)-1,COLUMN('[2]SINAPI 05_2024'!F$6)-1) -> #VALUE! | G7: =OFFSET([1]Composições!$A$1,MATCH(COUNTIF($H$1:$H7,"Composições"),[1]Composições!$K$1:$K$65536,0)-1,COLUMN('[2]SINAPI 05_2024'!G$6)-1) -> #VALUE! | H7: Composições
A8: =CONCATENAR -> #REF! | B8: =OFFSET([1]Composições!$A$1,MATCH(COUNTIF($H$1:$H8,"Composições"),[1]Composições!$K$1:$K$65536,0)-1,COLUMN('[2]SINAPI 05_2024'!B$6)-1) -> #VALUE! | C8: =OFFSET([1]Composições!$A$1,MATCH(COUNTIF($H$1:$H8,"Composições"),[1]Composições!$K$1:$K$65536,0)-1,COLUMN('[2]SINAPI 05_2024'!C$6)-1) -> #VALUE! | D8: =IF(COUNTIF(OFFSET('[2]SINAPI 05_2024'!$A$6,1,0,NCOMPOSICOES),$A8)>1,"CÓDIGO REPETIDO",OFFSET([1]Composições!$A$1,MATCH(COUNTIF($H$1:$H8,"Composições"),[1]Composições!$K$1:$K$65536,0)-1,COLUMN('[2]SINAPI 05_2024'!D$6)-1)) -> #VALUE! | E8: =OFFSET([1]Composições!$A$1,MATCH(COUNTIF($H$1:$H8,"Composições"),[1]Composições!$K$1:$K$65536,0)-1,COLUMN('[2]SINAPI 05_2024'!E$6)-1) -> #VALUE! | F8: =OFFSET([1]Composições!$A$1,MATCH(COUNTIF($H$1:$H8,"Composições"),[1]Composições!$K$1:$K$65536,0)-1,COLUMN('[2]SINAPI 05_2024'!F$6)-1) -> #VALUE! | G8: =OFFSET([1]Composições!$A$1,MATCH(COUNTIF($H$1:$H8,"Composições"),[1]Composições!$K$1:$K$65536,0)-1,COLUMN('[2]SINAPI 05_2024'!G$6)-1) -> #VALUE! | H8: Composições
A9: =CONCATENAR -> #REF! | B9: =OFFSET([1]Composições!$A$1,MATCH(COUNTIF($H$1:$H9,"Composições"),[1]Composições!$K$1:$K$65536,0)-1,COLUMN('[2]SINAPI 05_2024'!B$6)-1) -> #VALUE! | C9: =OFFSET([1]Composições!$A$1,MATCH(COUNTIF($H$1:$H9,"Composições"),[1]Composições!$K$1:$K$65536,0)-1,COLUMN('[2]SINAPI 05_2024'!C$6)-1) -> #VALUE! | D9: =IF(COUNTIF(OFFSET('[2]SINAPI 05_2024'!$A$6,1,0,NCOMPOSICOES),$A9)>1,"CÓDIGO REPETIDO",OFFSET([1]Composições!$A$1,MATCH(COUNTIF($H$1:$H9,"Composições"),[1]Composições!$K$1:$K$65536,0)-1,COLUMN('[2]SINAPI 05_2024'!D$6)-1)) -> #VALUE! | E9: =OFFSET([1]Composições!$A$1,MATCH(COUNTIF($H$1:$H9,"Composições"),[1]Composições!$K$1:$K$65536,0)-1,COLUMN('[2]SINAPI 05_2024'!E$6)-1) -> #VALUE! | F9: =OFFSET([1]Composições!$A$1,MATCH(COUNTIF($H$1:$H9,"Composições"),[1]Composições!$K$1:$K$65536,0)-1,COLUMN('[2]SINAPI 05_2024'!F$6)-1) -> #VALUE! | G9: =OFFSET([1]Composições!$A$1,MATCH(COUNTIF($H$1:$H9,"Composições"),[1]Composições!$K$1:$K$65536,0)-1,COLUMN('[2]SINAPI 05_2024'!G$6)-1) -> #VALUE! | H9: Composições
A10: =CONCATENAR -> #REF! | B10: =OFFSET([1]Composições!$A$1,MATCH(COUNTIF($H$1:$H10,"Composições"),[1]Composições!$K$1:$K$65536,0)-1,COLUMN('[2]SINAPI 05_2024'!B$6)-1) -> #VALUE! | C10: =OFFSET([1]Composições!$A$1,MATCH(COUNTIF($H$1:$H10,"Composições"),[1]Composições!$K$1:$K$65536,0)-1,COLUMN('[2]SINAPI 05_2024'!C$6)-1) -> #VALUE! | D10: =IF(COUNTIF(OFFSET('[2]SINAPI 05_2024'!$A$6,1,0,NCOMPOSICOES),$A10)>1,"CÓDIGO REPETIDO",OFFSET([1]Composições!$A$1,MATCH(COUNTIF($H$1:$H10,"Composições"),[1]Composições!$K$1:$K$65536,0)-1,COLUMN('[2]SINAPI 05_2024'!D$6)-1)) -> #VALUE! | E10: =OFFSET([1]Composições!$A$1,MATCH(COUNTIF($H$1:$H10,"Composições"),[1]Composições!$K$1:$K$65536,0)-1,COLUMN('[2]SINAPI 05_2024'!E$6)-1) -> #VALUE! | F10: =OFFSET([1]Composições!$A$1,MATCH(COUNTIF($H$1:$H10,"Composições"),[1]Composições!$K$1:$K$65536,0)-1,COLUMN('[2]SINAPI 05_2024'!F$6)-1) -> #VALUE! | G10: =OFFSET([1]Composições!$A$1,MATCH(COUNTIF($H$1:$H10,"Composições"),[1]Composições!$K$1:$K$65536,0)-1,COLUMN('[2]SINAPI 05_2024'!G$6)-1) -> #VALUE! | H10: Composições
A11: =CONCATENAR -> #REF! | B11: =OFFSET([1]Composições!$A$1,MATCH(COUNTIF($H$1:$H11,"Composições"),[1]Composições!$K$1:$K$65536,0)-1,COLUMN('[2]SINAPI 05_2024'!B$6)-1) -> #VALUE! | C11: =OFFSET([1]Composições!$A$1,MATCH(COUNTIF($H$1:$H11,"Composições"),[1]Composições!$K$1:$K$65536,0)-1,COLUMN('[2]SINAPI 05_2024'!C$6)-1) -> #VALUE! | D11: =IF(COUNTIF(OFFSET('[2]SINAPI 05_2024'!$A$6,1,0,NCOMPOSICOES),$A11)>1,"CÓDIGO REPETIDO",OFFSET([1]Composições!$A$1,MATCH(COUNTIF($H$1:$H11,"Composições"),[1]Composições!$K$1:$K$65536,0)-1,COLUMN('[2]SINAPI 05_2024'!D$6)-1)) -> #VALUE! | E11: =OFFSET([1]Composições!$A$1,MATCH(COUNTIF($H$1:$H11,"Composições"),[1]Composições!$K$1:$K$65536,0)-1,COLUMN('[2]SINAPI 05_2024'!E$6)-1) -> #VALUE! | F11: =OFFSET([1]Composições!$A$1,MATCH(COUNTIF($H$1:$H11,"Composições"),[1]Composições!$K$1:$K$65536,0)-1,COLUMN('[2]SINAPI 05_2024'!F$6)-1) -> #VALUE! | G11: =OFFSET([1]Composições!$A$1,MATCH(COUNTIF($H$1:$H11,"Composições"),[1]Composições!$K$1:$K$65536,0)-1,COLUMN('[2]SINAPI 05_2024'!G$6)-1) -> #VALUE! | H11: Composições
A12: =CONCATENAR -> #REF! | B12: =OFFSET([1]Composições!$A$1,MATCH(COUNTIF($H$1:$H12,"Composições"),[1]Composições!$K$1:$K$65536,0)-1,COLUMN('[2]SINAPI 05_2024'!B$6)-1) -> #VALUE! | C12: =OFFSET([1]Composições!$A$1,MATCH(COUNTIF($H$1:$H12,"Composições"),[1]Composições!$K$1:$K$65536,0)-1,COLUMN('[2]SINAPI 05_2024'!C$6)-1) -> #VALUE! | D12: =IF(COUNTIF(OFFSET('[2]SINAPI 05_2024'!$A$6,1,0,NCOMPOSICOES),$A12)>1,"CÓDIGO REPETIDO",OFFSET([1]Composições!$A$1,MATCH(COUNTIF($H$1:$H12,"Composições"),[1]Composições!$K$1:$K$65536,0)-1,COLUMN('[2]SINAPI 05_2024'!D$6)-1)) -> #VALUE! | E12: =OFFSET([1]Composições!$A$1,MATCH(COUNTIF($H$1:$H12,"Composições"),[1]Composições!$K$1:$K$65536,0)-1,COLUMN('[2]SINAPI 05_2024'!E$6)-1) -> #VALUE! | F12: =OFFSET([1]Composições!$A$1,MATCH(COUNTIF($H$1:$H12,"Composições"),[1]Composições!$K$1:$K$65536,0)-1,COLUMN('[2]SINAPI 05_2024'!F$6)-1) -> #VALUE! | G12: =OFFSET([1]Composições!$A$1,MATCH(COUNTIF($H$1:$H12,"Composições"),[1]Composições!$K$1:$K$65536,0)-1,COLUMN('[2]SINAPI 05_2024'!G$6)-1) -> #VALUE! | H12: Composições
A13: =CONCATENAR -> #REF! | B13: =OFFSET([1]Composições!$A$1,MATCH(COUNTIF($H$1:$H13,"Composições"),[1]Composições!$K$1:$K$65536,0)-1,COLUMN('[2]SINAPI 05_2024'!B$6)-1) -> #VALUE! | C13: =OFFSET([1]Composições!$A$1,MATCH(COUNTIF($H$1:$H13,"Composições"),[1]Composições!$K$1:$K$65536,0)-1,COLUMN('[2]SINAPI 05_2024'!C$6)-1) -> #VALUE! | D13: =IF(COUNTIF(OFFSET('[2]SINAPI 05_2024'!$A$6,1,0,NCOMPOSICOES),$A13)>1,"CÓDIGO REPETIDO",OFFSET([1]Composições!$A$1,MATCH(COUNTIF($H$1:$H13,"Composições"),[1]Composições!$K$1:$K$65536,0)-1,COLUMN('[2]SINAPI 05_2024'!D$6)-1)) -> #VALUE! | E13: =OFFSET([1]Composições!$A$1,MATCH(COUNTIF($H$1:$H13,"Composições"),[1]Composições!$K$1:$K$65536,0)-1,COLUMN('[2]SINAPI 05_2024'!E$6)-1) -> #VALUE! | F13: =OFFSET([1]Composições!$A$1,MATCH(COUNTIF($H$1:$H13,"Composições"),[1]Composições!$K$1:$K$65536,0)-1,COLUMN('[2]SINAPI 05_2024'!F$6)-1) -> #VALUE! | G13: =OFFSET([1]Composições!$A$1,MATCH(COUNTIF($H$1:$H13,"Composições"),[1]Composições!$K$1:$K$65536,0)-1,COLUMN('[2]SINAPI 05_2024'!G$6)-1) -> #VALUE! | H13: Composições
A14: =CONCATENAR -> #REF! | B14: =OFFSET([1]Composições!$A$1,MATCH(COUNTIF($H$1:$H14,"Composições"),[1]Composições!$K$1:$K$65536,0)-1,COLUMN('[2]SINAPI 05_2024'!B$6)-1) -> #VALUE! | C14: =OFFSET([1]Composições!$A$1,MATCH(COUNTIF($H$1:$H14,"Composições"),[1]Composições!$K$1:$K$65536,0)-1,COLUMN('[2]SINAPI 05_2024'!C$6)-1) -> #VALUE! | D14: =IF(COUNTIF(OFFSET('[2]SINAPI 05_2024'!$A$6,1,0,NCOMPOSICOES),$A14)>1,"CÓDIGO REPETIDO",OFFSET([1]Composições!$A$1,MATCH(COUNTIF($H$1:$H14,"Composições"),[1]Composições!$K$1:$K$65536,0)-1,COLUMN('[2]SINAPI 05_2024'!D$6)-1)) -> #VALUE! | E14: =OFFSET([1]Composições!$A$1,MATCH(COUNTIF($H$1:$H14,"Composições"),[1]Composições!$K$1:$K$65536,0)-1,COLUMN('[2]SINAPI 05_2024'!E$6)-1) -> #VALUE! | F14: =OFFSET([1]Composições!$A$1,MATCH(COUNTIF($H$1:$H14,"Composições"),[1]Composições!$K$1:$K$65536,0)-1,COLUMN('[2]SINAPI 05_2024'!F$6)-1) -> #VALUE! | G14: =OFFSET([1]Composições!$A$1,MATCH(COUNTIF($H$1:$H14,"Composições"),[1]Composições!$K$1:$K$65536,0)-1,COLUMN('[2]SINAPI 05_2024'!G$6)-1) -> #VALUE! | H14: Composições
A15: =CONCATENAR -> #REF! | B15: =OFFSET([1]Composições!$A$1,MATCH(COUNTIF($H$1:$H15,"Composições"),[1]Composições!$K$1:$K$65536,0)-1,COLUMN('[2]SINAPI 05_2024'!B$6)-1) -> #VALUE! | C15: =OFFSET([1]Composições!$A$1,MATCH(COUNTIF($H$1:$H15,"Composições"),[1]Composições!$K$1:$K$65536,0)-1,COLUMN('[2]SINAPI 05_2024'!C$6)-1) -> #VALUE! | D15: =IF(COUNTIF(OFFSET('[2]SINAPI 05_2024'!$A$6,1,0,NCOMPOSICOES),$A15)>1,"CÓDIGO REPETIDO",OFFSET([1]Composições!$A$1,MATCH(COUNTIF($H$1:$H15,"Composições"),[1]Composições!$K$1:$K$65536,0)-1,COLUMN('[2]SINAPI 05_2024'!D$6)-1)) -> #VALUE! | E15: =OFFSET([1]Composições!$A$1,MATCH(COUNTIF($H$1:$H15,"Composições"),[1]Composições!$K$1:$K$65536,0)-1,COLUMN('[2]SINAPI 05_2024'!E$6)-1) -> #VALUE! | F15: =OFFSET([1]Composições!$A$1,MATCH(COUNTIF($H$1:$H15,"Composições"),[1]Composições!$K$1:$K$65536,0)-1,COLUMN('[2]SINAPI 05_2024'!F$6)-1) -> #VALUE! | G15: =OFFSET([1]Composições!$A$1,MATCH(COUNTIF($H$1:$H15,"Composições"),[1]Composições!$K$1:$K$65536,0)-1,COLUMN('[2]SINAPI 05_2024'!G$6)-1) -> #VALUE! | H15: Composições
A16: =CONCATENAR -> #REF! | B16: =OFFSET([1]Composições!$A$1,MATCH(COUNTIF($H$1:$H16,"Composições"),[1]Composições!$K$1:$K$65536,0)-1,COLUMN('[2]SINAPI 05_2024'!B$6)-1) -> #VALUE! | C16: =OFFSET([1]Composições!$A$1,MATCH(COUNTIF($H$1:$H16,"Composições"),[1]Composições!$K$1:$K$65536,0)-1,COLUMN('[2]SINAPI 05_2024'!C$6)-1) -> #VALUE! | D16: =IF(COUNTIF(OFFSET('[2]SINAPI 05_2024'!$A$6,1,0,NCOMPOSICOES),$A16)>1,"CÓDIGO REPETIDO",OFFSET([1]Composições!$A$1,MATCH(COUNTIF($H$1:$H16,"Composições"),[1]Composições!$K$1:$K$65536,0)-1,COLUMN('[2]SINAPI 05_2024'!D$6)-1)) -> #VALUE! | E16: =OFFSET([1]Composições!$A$1,MATCH(COUNTIF($H$1:$H16,"Composições"),[1]Composições!$K$1:$K$65536,0)-1,COLUMN('[2]SINAPI 05_2024'!E$6)-1) -> #VALUE! | F16: =OFFSET([1]Composições!$A$1,MATCH(COUNTIF($H$1:$H16,"Composições"),[1]Composições!$K$1:$K$65536,0)-1,COLUMN('[2]SINAPI 05_2024'!F$6)-1) -> #VALUE! | G16: =OFFSET([1]Composições!$A$1,MATCH(COUNTIF($H$1:$H16,"Composições"),[1]Composições!$K$1:$K$65536,0)-1,COLUMN('[2]SINAPI 05_2024'!G$6)-1) -> #VALUE! | H16: Composições
A17: =CONCATENAR -> #REF! | B17: =OFFSET([1]Composições!$A$1,MATCH(COUNTIF($H$1:$H17,"Composições"),[1]Composições!$K$1:$K$65536,0)-1,COLUMN('[2]SINAPI 05_2024'!B$6)-1) -> #VALUE! | C17: =OFFSET([1]Composições!$A$1,MATCH(COUNTIF($H$1:$H17,"Composições"),[1]Composições!$K$1:$K$65536,0)-1,COLUMN('[2]SINAPI 05_2024'!C$6)-1) -> #VALUE! | D17: =IF(COUNTIF(OFFSET('[2]SINAPI 05_2024'!$A$6,1,0,NCOMPOSICOES),$A17)>1,"CÓDIGO REPETIDO",OFFSET([1]Composições!$A$1,MATCH(COUNTIF($H$1:$H17,"Composições"),[1]Composições!$K$1:$K$65536,0)-1,COLUMN('[2]SINAPI 05_2024'!D$6)-1)) -> #VALUE! | E17: =OFFSET([1]Composições!$A$1,MATCH(COUNTIF($H$1:$H17,"Composições"),[1]Composições!$K$1:$K$65536,0)-1,COLUMN('[2]SINAPI 05_2024'!E$6)-1) -> #VALUE! | F17: =OFFSET([1]Composições!$A$1,MATCH(COUNTIF($H$1:$H17,"Composições"),[1]Composições!$K$1:$K$65536,0)-1,COLUMN('[2]SINAPI 05_2024'!F$6)-1) -> #VALUE! | G17: =OFFSET([1]Composições!$A$1,MATCH(COUNTIF($H$1:$H17,"Composições"),[1]Composições!$K$1:$K$65536,0)-1,COLUMN('[2]SINAPI 05_2024'!G$6)-1) -> #VALUE! | H17: Composições
A18: =CONCATENAR -> #REF! | B18: =OFFSET([1]Composições!$A$1,MATCH(COUNTIF($H$1:$H18,"Composições"),[1]Composições!$K$1:$K$65536,0)-1,COLUMN('[2]SINAPI 05_2024'!B$6)-1) -> #VALUE! | C18: =OFFSET([1]Composições!$A$1,MATCH(COUNTIF($H$1:$H18,"Composições"),[1]Composições!$K$1:$K$65536,0)-1,COLUMN('[2]SINAPI 05_2024'!C$6)-1) -> #VALUE! | D18: =IF(COUNTIF(OFFSET('[2]SINAPI 05_2024'!$A$6,1,0,NCOMPOSICOES),$A18)>1,"CÓDIGO REPETIDO",OFFSET([1]Composições!$A$1,MATCH(COUNTIF($H$1:$H18,"Composições"),[1]Composições!$K$1:$K$65536,0)-1,COLUMN('[2]SINAPI 05_2024'!D$6)-1)) -> #VALUE! | E18: =OFFSET([1]Composições!$A$1,MATCH(COUNTIF($H$1:$H18,"Composições"),[1]Composições!$K$1:$K$65536,0)-1,COLUMN('[2]SINAPI 05_2024'!E$6)-1) -> #VALUE! | F18: =OFFSET([1]Composições!$A$1,MATCH(COUNTIF($H$1:$H18,"Composições"),[1]Composições!$K$1:$K$65536,0)-1,COLUMN('[2]SINAPI 05_2024'!F$6)-1) -> #VALUE! | G18: =OFFSET([1]Composições!$A$1,MATCH(COUNTIF($H$1:$H18,"Composições"),[1]Composições!$K$1:$K$65536,0)-1,COLUMN('[2]SINAPI 05_2024'!G$6)-1) -> #VALUE! | H18: Composições
... A21: =CONCATENAR -> #REF! | B21: =OFFSET([1]Composições!$A$1,MATCH(COUNTIF($H$1:$H21,"Composições"),[1]Composições!$K$1:$K$65536,0)-1,COLUMN('[2]SINAPI 05_2024'!B$6)-1) -> #VALUE! | C21: =OFFSET([1]Composições!$A$1,MATCH(COUNTIF($H$1:$H21,"Composições"),[1]Composições!$K$1:$K$65536,0)-1,COLUMN('[2]SINAPI 05_2024'!C$6)-1) -> #VALUE! | D21: =IF(COUNTIF(OFFSET('[2]SINAPI 05_2024'!$A$6,1,0,NCOMPOSICOES),$A21)>1,"CÓDIGO REPETIDO",OFFSET([1]Composições!$A$1,MATCH(COUNTIF($H$1:$H21,"Composições"),[1]Composições!$K$1:$K$65536,0)-1,COLUMN('[2]SINAPI 05_2024'!D$6)-1)) -> #VALUE! | E21: =OFFSET([1]Composições!$A$1,MATCH(COUNTIF($H$1:$H21,"Composições"),[1]Composições!$K$1:$K$65536,0)-1,COLUMN('[2]SINAPI 05_2024'!E$6)-1) -> #VALUE! | F21: =OFFSET([1]Composições!$A$1,MATCH(COUNTIF($H$1:$H21,"Composições"),[1]Composições!$K$1:$K$65536,0)-1,COLUMN('[2]SINAPI 05_2024'!F$6)-1) -> #VALUE! | G21: =OFFSET([1]Composições!$A$1,MATCH(COUNTIF($H$1:$H21,"Composições"),[1]Composições!$K$1:$K$65536,0)-1,COLUMN('[2]SINAPI 05_2024'!G$6)-1) -> #VALUE! | H21: Composições
A22: =CONCATENAR -> #REF! | B22: =OFFSET([1]Cotações!$A$1,MATCH(COUNTIF($H$1:$H22,"Cotações"),[1]Cotações!$J$1:$J$65536,0)-1,COLUMN('[2]SINAPI 05_2024'!B$6)-1) -> #VALUE! | C22: =OFFSET([1]Cotações!$A$1,MATCH(COUNTIF($H$1:$H22,"Cotações"),[1]Cotações!$J$1:$J$65536,0)-1,COLUMN('[2]SINAPI 05_2024'!C$6)-1) -> #VALUE! | D22: =IF(COUNTIF(OFFSET('[2]SINAPI 05_2024'!$A$6,1+NCOMPOSICOES,0,NCOTACOES),$A22)>1,"CÓDIGO REPETIDO",OFFSET([1]Cotações!$A$1,MATCH(COUNTIF($H$1:$H22,"Cotações"),[1]Cotações!$J$1:$J$65536,0)-1,COLUMN('[2]SINAPI 05_2024'!D$6)-1)) -> #VALUE! | E22: =OFFSET([1]Cotações!$A$1,MATCH(COUNTIF($H$1:$H22,"Cotações"),[1]Cotações!$J$1:$J$65536,0)-1,COLUMN('[2]SINAPI 05_2024'!E$6)-1) -> #VALUE! | F22: =OFFSET([1]Cotações!$A$1,MATCH(COUNTIF($H$1:$H22,"Cotações"),[1]Cotações!$J$1:$J$65536,0)-1,COLUMN('[2]SINAPI 05_2024'!F$6)-1) -> #VALUE! | G22: =OFFSET([1]Cotações!$A$1,MATCH(COUNTIF($H$1:$H22,"Cotações"),[1]Cotações!$J$1:$J$65536,0)-1,COLUMN('[2]SINAPI 05_2024'!F$6)-1) -> #VALUE! | H22: Cotações
A23: =CONCATENAR -> #REF! | B23: =OFFSET([1]Cotações!$A$1,MATCH(COUNTIF($H$1:$H23,"Cotações"),[1]Cotações!$J$1:$J$65536,0)-1,COLUMN('[2]SINAPI 05_2024'!B$6)-1) -> #VALUE! | C23: =OFFSET([1]Cotações!$A$1,MATCH(COUNTIF($H$1:$H23,"Cotações"),[1]Cotações!$J$1:$J$65536,0)-1,COLUMN('[2]SINAPI 05_2024'!C$6)-1) -> #VALUE! | D23: =IF(COUNTIF(OFFSET('[2]SINAPI 05_2024'!$A$6,1+NCOMPOSICOES,0,NCOTACOES),$A23)>1,"CÓDIGO REPETIDO",OFFSET([1]Cotações!$A$1,MATCH(COUNTIF($H$1:$H23,"Cotações"),[1]Cotações!$J$1:$J$65536,0)-1,COLUMN('[2]SINAPI 05_2024'!D$6)-1)) -> #VALUE! | E23: =OFFSET([1]Cotações!$A$1,MATCH(COUNTIF($H$1:$H23,"Cotações"),[1]Cotações!$J$1:$J$65536,0)-1,COLUMN('[2]SINAPI 05_2024'!E$6)-1) -> #VALUE! | F23: =OFFSET([1]Cotações!$A$1,MATCH(COUNTIF($H$1:$H23,"Cotações"),[1]Cotações!$J$1:$J$65536,0)-1,COLUMN('[2]SINAPI 05_2024'!F$6)-1) -> #VALUE! | G23: =OFFSET([1]Cotações!$A$1,MATCH(COUNTIF($H$1:$H23,"Cotações"),[1]Cotações!$J$1:$J$65536,0)-1,COLUMN('[2]SINAPI 05_2024'!F$6)-1) -> #VALUE! | H23: Cotações
A24: =CONCATENAR -> #REF! | B24: =OFFSET([1]Cotações!$A$1,MATCH(COUNTIF($H$1:$H24,"Cotações"),[1]Cotações!$J$1:$J$65536,0)-1,COLUMN('[2]SINAPI 05_2024'!B$6)-1) -> #VALUE! | C24: =OFFSET([1]Cotações!$A$1,MATCH(COUNTIF($H$1:$H24,"Cotações"),[1]Cotações!$J$1:$J$65536,0)-1,COLUMN('[2]SINAPI 05_2024'!C$6)-1) -> #VALUE! | D24: =IF(COUNTIF(OFFSET('[2]SINAPI 05_2024'!$A$6,1+NCOMPOSICOES,0,NCOTACOES),$A24)>1,"CÓDIGO REPETIDO",OFFSET([1]Cotações!$A$1,MATCH(COUNTIF($H$1:$H24,"Cotações"),[1]Cotações!$J$1:$J$65536,0)-1,COLUMN('[2]SINAPI 05_2024'!D$6)-1)) -> #VALUE! | E24: =OFFSET([1]Cotações!$A$1,MATCH(COUNTIF($H$1:$H24,"Cotações"),[1]Cotações!$J$1:$J$65536,0)-1,COLUMN('[2]SINAPI 05_2024'!E$6)-1) -> #VALUE! | F24: =OFFSET([1]Cotações!$A$1,MATCH(COUNTIF($H$1:$H24,"Cotações"),[1]Cotações!$J$1:$J$65536,0)-1,COLUMN('[2]SINAPI 05_2024'!F$6)-1) -> #VALUE! | G24: =OFFSET([1]Cotações!$A$1,MATCH(COUNTIF($H$1:$H24,"Cotações"),[1]Cotações!$J$1:$J$65536,0)-1,COLUMN('[2]SINAPI 05_2024'!F$6)-1) -> #VALUE! | H24: Cotações
A25: =CONCATENAR -> #REF! | B25: =OFFSET([1]Cotações!$A$1,MATCH(COUNTIF($H$1:$H25,"Cotações"),[1]Cotações!$J$1:$J$65536,0)-1,COLUMN('[2]SINAPI 05_2024'!B$6)-1) -> #VALUE! | C25: =OFFSET([1]Cotações!$A$1,MATCH(COUNTIF($H$1:$H25,"Cotações"),[1]Cotações!$J$1:$J$65536,0)-1,COLUMN('[2]SINAPI 05_2024'!C$6)-1) -> #VALUE! | D25: =IF(COUNTIF(OFFSET('[2]SINAPI 05_2024'!$A$6,1+NCOMPOSICOES,0,NCOTACOES),$A25)>1,"CÓDIGO REPETIDO",OFFSET([1]Cotações!$A$1,MATCH(COUNTIF($H$1:$H25,"Cotações"),[1]Cotações!$J$1:$J$65536,0)-1,COLUMN('[2]SINAPI 05_2024'!D$6)-1)) -> #VALUE! | E25: =OFFSET([1]Cotações!$A$1,MATCH(COUNTIF($H$1:$H25,"Cotações"),[1]Cotações!$J$1:$J$65536,0)-1,COLUMN('[2]SINAPI 05_2024'!E$6)-1) -> #VALUE! | F25: =OFFSET([1]Cotações!$A$1,MATCH(COUNTIF($H$1:$H25,"Cotações"),[1]Cotações!$J$1:$J$65536,0)-1,COLUMN('[2]SINAPI 05_2024'!F$6)-1) -> #VALUE! | G25: =OFFSET([1]Cotações!$A$1,MATCH(COUNTIF($H$1:$H25,"Cotações"),[1]Cotações!$J$1:$J$65536,0)-1,COLUMN('[2]SINAPI 05_2024'!F$6)-1) -> #VALUE! | H25: Cotações
A26: =CONCATENAR -> #REF! | B26: =OFFSET([1]Cotações!$A$1,MATCH(COUNTIF($H$1:$H26,"Cotações"),[1]Cotações!$J$1:$J$65536,0)-1,COLUMN('[2]SINAPI 05_2024'!B$6)-1) -> #VALUE! | C26: =OFFSET([1]Cotações!$A$1,MATCH(COUNTIF($H$1:$H26,"Cotações"),[1]Cotações!$J$1:$J$65536,0)-1,COLUMN('[2]SINAPI 05_2024'!C$6)-1) -> #VALUE! | D26: =IF(COUNTIF(OFFSET('[2]SINAPI 05_2024'!$A$6,1+NCOMPOSICOES,0,NCOTACOES),$A26)>1,"CÓDIGO REPETIDO",OFFSET([1]Cotações!$A$1,MATCH(COUNTIF($H$1:$H26,"Cotações"),[1]Cotações!$J$1:$J$65536,0)-1,COLUMN('[2]SINAPI 05_2024'!D$6)-1)) -> #VALUE! | E26: =OFFSET([1]Cotações!$A$1,MATCH(COUNTIF($H$1:$H26,"Cotações"),[1]Cotações!$J$1:$J$65536,0)-1,COLUMN('[2]SINAPI 05_2024'!E$6)-1) -> #VALUE! | F26: =OFFSET([1]Cotações!$A$1,MATCH(COUNTIF($H$1:$H26,"Cotações"),[1]Cotações!$J$1:$J$65536,0)-1,COLUMN('[2]SINAPI 05_2024'!F$6)-1) -> #VALUE! | G26: =OFFSET([1]Cotações!$A$1,MATCH(COUNTIF($H$1:$H26,"Cotações"),[1]Cotações!$J$1:$J$65536,0)-1,COLUMN('[2]SINAPI 05_2024'!F$6)-1) -> #VALUE! | H26: Cotações
A27: =CONCATENAR -> #REF! | B27: =OFFSET([1]Cotações!$A$1,MATCH(COUNTIF($H$1:$H27,"Cotações"),[1]Cotações!$J$1:$J$65536,0)-1,COLUMN('[2]SINAPI 05_2024'!B$6)-1) -> #VALUE! | C27: =OFFSET([1]Cotações!$A$1,MATCH(COUNTIF($H$1:$H27,"Cotações"),[1]Cotações!$J$1:$J$65536,0)-1,COLUMN('[2]SINAPI 05_2024'!C$6)-1) -> #VALUE! | D27: =IF(COUNTIF(OFFSET('[2]SINAPI 05_2024'!$A$6,1+NCOMPOSICOES,0,NCOTACOES),$A27)>1,"CÓDIGO REPETIDO",OFFSET([1]Cotações!$A$1,MATCH(COUNTIF($H$1:$H27,"Cotações"),[1]Cotações!$J$1:$J$65536,0)-1,COLUMN('[2]SINAPI 05_2024'!D$6)-1)) -> #VALUE! | E27: =OFFSET([1]Cotações!$A$1,MATCH(COUNTIF($H$1:$H27,"Cotações"),[1]Cotações!$J$1:$J$65536,0)-1,COLUMN('[2]SINAPI 05_2024'!E$6)-1) -> #VALUE! | F27: =OFFSET([1]Cotações!$A$1,MATCH(COUNTIF($H$1:$H27,"Cotações"),[1]Cotações!$J$1:$J$65536,0)-1,COLUMN('[2]SINAPI 05_2024'!F$6)-1) -> #VALUE! | G27: =OFFSET([1]Cotações!$A$1,MATCH(COUNTIF($H$1:$H27,"Cotações"),[1]Cotações!$J$1:$J$65536,0)-1,COLUMN('[2]SINAPI 05_2024'!F$6)-1) -> #VALUE! | H27: Cotações
A28: =CONCATENAR -> #REF! | B28: =OFFSET([1]Cotações!$A$1,MATCH(COUNTIF($H$1:$H28,"Cotações"),[1]Cotações!$J$1:$J$65536,0)-1,COLUMN('[2]SINAPI 05_2024'!B$6)-1) -> #VALUE! | C28: =OFFSET([1]Cotações!$A$1,MATCH(COUNTIF($H$1:$H28,"Cotações"),[1]Cotações!$J$1:$J$65536,0)-1,COLUMN('[2]SINAPI 05_2024'!C$6)-1) -> #VALUE! | D28: =IF(COUNTIF(OFFSET('[2]SINAPI 05_2024'!$A$6,1+NCOMPOSICOES,0,NCOTACOES),$A28)>1,"CÓDIGO REPETIDO",OFFSET([1]Cotações!$A$1,MATCH(COUNTIF($H$1:$H28,"Cotações"),[1]Cotações!$J$1:$J$65536,0)-1,COLUMN('[2]SINAPI 05_2024'!D$6)-1)) -> #VALUE! | E28: =OFFSET([1]Cotações!$A$1,MATCH(COUNTIF($H$1:$H28,"Cotações"),[1]Cotações!$J$1:$J$65536,0)-1,COLUMN('[2]SINAPI 05_2024'!E$6)-1) -> #VALUE! | F28: =OFFSET([1]Cotações!$A$1,MATCH(COUNTIF($H$1:$H28,"Cotações"),[1]Cotações!$J$1:$J$65536,0)-1,COLUMN('[2]SINAPI 05_2024'!F$6)-1) -> #VALUE! | G28: =OFFSET([1]Cotações!$A$1,MATCH(COUNTIF($H$1:$H28,"Cotações"),[1]Cotações!$J$1:$J$65536,0)-1,COLUMN('[2]SINAPI 05_2024'!F$6)-1) -> #VALUE! | H28: Cotações
A29: =CONCATENAR -> #REF! | B29: =OFFSET([1]Cotações!$A$1,MATCH(COUNTIF($H$1:$H29,"Cotações"),[1]Cotações!$J$1:$J$65536,0)-1,COLUMN('[2]SINAPI 05_2024'!B$6)-1) -> #VALUE! | C29: =OFFSET([1]Cotações!$A$1,MATCH(COUNTIF($H$1:$H29,"Cotações"),[1]Cotações!$J$1:$J$65536,0)-1,COLUMN('[2]SINAPI 05_2024'!C$6)-1) -> #VALUE! | D29: =IF(COUNTIF(OFFSET('[2]SINAPI 05_2024'!$A$6,1+NCOMPOSICOES,0,NCOTACOES),$A29)>1,"CÓDIGO REPETIDO",OFFSET([1]Cotações!$A$1,MATCH(COUNTIF($H$1:$H29,"Cotações"),[1]Cotações!$J$1:$J$65536,0)-1,COLUMN('[2]SINAPI 05_2024'!D$6)-1)) -> #VALUE! | E29: =OFFSET([1]Cotações!$A$1,MATCH(COUNTIF($H$1:$H29,"Cotações"),[1]Cotações!$J$1:$J$65536,0)-1,COLUMN('[2]SINAPI 05_2024'!E$6)-1) -> #VALUE! | F29: =OFFSET([1]Cotações!$A$1,MATCH(COUNTIF($H$1:$H29,"Cotações"),[1]Cotações!$J$1:$J$65536,0)-1,COLUMN('[2]SINAPI 05_2024'!F$6)-1) -> #VALUE! | G29: =OFFSET([1]Cotações!$A$1,MATCH(COUNTIF($H$1:$H29,"Cotações"),[1]Cotações!$J$1:$J$65536,0)-1,COLUMN('[2]SINAPI 05_2024'!F$6)-1) -> #VALUE! | H29: Cotações
A30: =CONCATENAR -> #REF! | B30: =OFFSET([1]Cotações!$A$1,MATCH(COUNTIF($H$1:$H30,"Cotações"),[1]Cotações!$J$1:$J$65536,0)-1,COLUMN('[2]SINAPI 05_2024'!B$6)-1) -> #VALUE! | C30: =OFFSET([1]Cotações!$A$1,MATCH(COUNTIF($H$1:$H30,"Cotações"),[1]Cotações!$J$1:$J$65536,0)-1,COLUMN('[2]SINAPI 05_2024'!C$6)-1) -> #VALUE! | D30: =IF(COUNTIF(OFFSET('[2]SINAPI 05_2024'!$A$6,1+NCOMPOSICOES,0,NCOTACOES),$A30)>1,"CÓDIGO REPETIDO",OFFSET([1]Cotações!$A$1,MATCH(COUNTIF($H$1:$H30,"Cotações"),[1]Cotações!$J$1:$J$65536,0)-1,COLUMN('[2]SINAPI 05_2024'!D$6)-1)) -> #VALUE! | E30: =OFFSET([1]Cotações!$A$1,MATCH(COUNTIF($H$1:$H30,"Cotações"),[1]Cotações!$J$1:$J$65536,0)-1,COLUMN('[2]SINAPI 05_2024'!E$6)-1) -> #VALUE! | F30: =OFFSET([1]Cotações!$A$1,MATCH(COUNTIF($H$1:$H30,"Cotações"),[1]Cotações!$J$1:$J$65536,0)-1,COLUMN('[2]SINAPI 05_2024'!F$6)-1) -> #VALUE! | G30: =OFFSET([1]Cotações!$A$1,MATCH(COUNTIF($H$1:$H30,"Cotações"),[1]Cotações!$J$1:$J$65536,0)-1,COLUMN('[2]SINAPI 05_2024'!F$6)-1) -> #VALUE! | H30: Cotações
A31: =CONCATENAR -> #REF! | B31: =OFFSET([1]Cotações!$A$1,MATCH(COUNTIF($H$1:$H31,"Cotações"),[1]Cotações!$J$1:$J$65536,0)-1,COLUMN('[2]SINAPI 05_2024'!B$6)-1) -> #VALUE! | C31: =OFFSET([1]Cotações!$A$1,MATCH(COUNTIF($H$1:$H31,"Cotações"),[1]Cotações!$J$1:$J$65536,0)-1,COLUMN('[2]SINAPI 05_2024'!C$6)-1) -> #VALUE! | D31: =IF(COUNTIF(OFFSET('[2]SINAPI 05_2024'!$A$6,1+NCOMPOSICOES,0,NCOTACOES),$A31)>1,"CÓDIGO REPETIDO",OFFSET([1]Cotações!$A$1,MATCH(COUNTIF($H$1:$H31,"Cotações"),[1]Cotações!$J$1:$J$65536,0)-1,COLUMN('[2]SINAPI 05_2024'!D$6)-1)) -> #VALUE! | E31: =OFFSET([1]Cotações!$A$1,MATCH(COUNTIF($H$1:$H31,"Cotações"),[1]Cotações!$J$1:$J$65536,0)-1,COLUMN('[2]SINAPI 05_2024'!E$6)-1) -> #VALUE! | F31: =OFFSET([1]Cotações!$A$1,MATCH(COUNTIF($H$1:$H31,"Cotações"),[1]Cotações!$J$1:$J$65536,0)-1,COLUMN('[2]SINAPI 05_2024'!F$6)-1) -> #VALUE! | G31: =OFFSET([1]Cotações!$A$1,MATCH(COUNTIF($H$1:$H31,"Cotações"),[1]Cotações!$J$1:$J$65536,0)-1,COLUMN('[2]SINAPI 05_2024'!F$6)-1) -> #VALUE! | H31: Cotações
A32: =CONCATENAR -> #REF! | B32: =OFFSET([1]Cotações!$A$1,MATCH(COUNTIF($H$1:$H32,"Cotações"),[1]Cotações!$J$1:$J$65536,0)-1,COLUMN('[2]SINAPI 05_2024'!B$6)-1) -> #VALUE! | C32: =OFFSET([1]Cotações!$A$1,MATCH(COUNTIF($H$1:$H32,"Cotações"),[1]Cotações!$J$1:$J$65536,0)-1,COLUMN('[2]SINAPI 05_2024'!C$6)-1) -> #VALUE! | D32: =IF(COUNTIF(OFFSET('[2]SINAPI 05_2024'!$A$6,1+NCOMPOSICOES,0,NCOTACOES),$A32)>1,"CÓDIGO REPETIDO",OFFSET([1]Cotações!$A$1,MATCH(COUNTIF($H$1:$H32,"Cotações"),[1]Cotações!$J$1:$J$65536,0)-1,COLUMN('[2]SINAPI 05_2024'!D$6)-1)) -> #VALUE! | E32: =OFFSET([1]Cotações!$A$1,MATCH(COUNTIF($H$1:$H32,"Cotações"),[1]Cotações!$J$1:$J$65536,0)-1,COLUMN('[2]SINAPI 05_2024'!E$6)-1) -> #VALUE! | F32: =OFFSET([1]Cotações!$A$1,MATCH(COUNTIF($H$1:$H32,"Cotações"),[1]Cotações!$J$1:$J$65536,0)-1,COLUMN('[2]SINAPI 05_2024'!F$6)-1) -> #VALUE! | G32: =OFFSET([1]Cotações!$A$1,MATCH(COUNTIF($H$1:$H32,"Cotações"),[1]Cotações!$J$1:$J$65536,0)-1,COLUMN('[2]SINAPI 05_2024'!F$6)-1) -> #VALUE! | H32: Cotações
A33: =CONCATENAR -> #REF! | B33: =OFFSET([1]Cotações!$A$1,MATCH(COUNTIF($H$1:$H33,"Cotações"),[1]Cotações!$J$1:$J$65536,0)-1,COLUMN('[2]SINAPI 05_2024'!B$6)-1) -> #VALUE! | C33: =OFFSET([1]Cotações!$A$1,MATCH(COUNTIF($H$1:$H33,"Cotações"),[1]Cotações!$J$1:$J$65536,0)-1,COLUMN('[2]SINAPI 05_2024'!C$6)-1) -> #VALUE! | D33: =IF(COUNTIF(OFFSET('[2]SINAPI 05_2024'!$A$6,1+NCOMPOSICOES,0,NCOTACOES),$A33)>1,"CÓDIGO REPETIDO",OFFSET([1]Cotações!$A$1,MATCH(COUNTIF($H$1:$H33,"Cotações"),[1]Cotações!$J$1:$J$65536,0)-1,COLUMN('[2]SINAPI 05_2024'!D$6)-1)) -> #VALUE! | E33: =OFFSET([1]Cotações!$A$1,MATCH(COUNTIF($H$1:$H33,"Cotações"),[1]Cotações!$J$1:$J$65536,0)-1,COLUMN('[2]SINAPI 05_2024'!E$6)-1) -> #VALUE! | F33: =OFFSET([1]Cotações!$A$1,MATCH(COUNTIF($H$1:$H33,"Cotações"),[1]Cotações!$J$1:$J$65536,0)-1,COLUMN('[2]SINAPI 05_2024'!F$6)-1) -> #VALUE! | G33: =OFFSET([1]Cotações!$A$1,MATCH(COUNTIF($H$1:$H33,"Cotações"),[1]Cotações!$J$1:$J$65536,0)-1,COLUMN('[2]SINAPI 05_2024'!F$6)-1) -> #VALUE! | H33: Cotações
... A36: =CONCATENAR -> #REF! | B36: =OFFSET([1]Cotações!$A$1,MATCH(COUNTIF($H$1:$H36,"Cotações"),[1]Cotações!$J$1:$J$65536,0)-1,COLUMN('[2]SINAPI 05_2024'!B$6)-1) -> #VALUE! | C36: =OFFSET([1]Cotações!$A$1,MATCH(COUNTIF($H$1:$H36,"Cotações"),[1]Cotações!$J$1:$J$65536,0)-1,COLUMN('[2]SINAPI 05_2024'!C$6)-1) -> #VALUE! | D36: =IF(COUNTIF(OFFSET('[2]SINAPI 05_2024'!$A$6,1+NCOMPOSICOES,0,NCOTACOES),$A36)>1,"CÓDIGO REPETIDO",OFFSET([1]Cotações!$A$1,MATCH(COUNTIF($H$1:$H36,"Cotações"),[1]Cotações!$J$1:$J$65536,0)-1,COLUMN('[2]SINAPI 05_2024'!D$6)-1)) -> #VALUE! | E36: =OFFSET([1]Cotações!$A$1,MATCH(COUNTIF($H$1:$H36,"Cotações"),[1]Cotações!$J$1:$J$65536,0)-1,COLUMN('[2]SINAPI 05_2024'!E$6)-1) -> #VALUE! | F36: =OFFSET([1]Cotações!$A$1,MATCH(COUNTIF($H$1:$H36,"Cotações"),[1]Cotações!$J$1:$J$65536,0)-1,COLUMN('[2]SINAPI 05_2024'!F$6)-1) -> #VALUE! | G36: =OFFSET([1]Cotações!$A$1,MATCH(COUNTIF($H$1:$H36,"Cotações"),[1]Cotações!$J$1:$J$65536,0)-1,COLUMN('[2]SINAPI 05_2024'!F$6)-1) -> #VALUE! | H36: Cotações
A37: =CONCATENAR -> #REF! | B37: SINAPI-I | C37: 38605 | D37: ABERTURA PARA ENCAIXE DE CUBA OU LAVATORIO EM BANCADA DE MARMORE/ GRANITO OU OUTRO TIPO DE PEDRA NATURAL | E37: UN | F37: 181,16 | G37: 181,16 | H37: SINAPI-I - NACIONAL CAIXA
A38: =CONCATENAR -> #REF! | B38: SINAPI-I | C38: 11270 | D38: ABRACADEIRA DE LATAO PARA FIXACAO DE CABO PARA-RAIO, DIMENSOES 32 X 24 X 24 MM | E38: UN | F38: 2,86 | G38: 2,86
A39: =CONCATENAR -> #REF! | B39: SINAPI-I | C39: 412 | D39: ABRACADEIRA DE NYLON PARA AMARRACAO DE CABOS, COMPRIMENTO DE *230* X *7,6* MM | E39: UN | F39: 1,08 | G39: 1,08
A40: =CONCATENAR -> #REF! | B40: SINAPI-I | C40: 414 | D40: ABRACADEIRA DE NYLON PARA AMARRACAO DE CABOS, COMPRIMENTO DE 100 X 2,5 MM | E40: UN | F40: 0,06 | G40: 0,06
A41: =CONCATENAR -> #REF! | B41: SINAPI-I | C41: 410 | D41: ABRACADEIRA DE NYLON PARA AMARRACAO DE CABOS, COMPRIMENTO DE 150 X *3,6* MM | E41: UN | F41: 0,16 | G41: 0,16
A42: =CONCATENAR -> #REF! | B42: SINAPI-I | C42: 411 | D42: ABRACADEIRA DE NYLON PARA AMARRACAO DE CABOS, COMPRIMENTO DE 200 X *4,6* MM | E42: UN | F42: 0,21 | G42: 0,21
A43: =CONCATENAR -> #REF! | B43: SINAPI-I | C43: 408 | D43: ABRACADEIRA DE NYLON PARA AMARRACAO DE CABOS, COMPRIMENTO DE 390 X *4,6* MM | E43: UN | F43: 1,04 | G43: 1,04
A44: =CONCATENAR -> #REF! | B44: SINAPI-I | C44: 39131 | D44: ABRACADEIRA EM ACO PARA AMARRACAO DE ELETRODUTOS, TIPO D, COM 1 1/2" E CUNHA DE FIXACAO | E44: UN | F44: 4,25 | G44: 4,25
A45: =CONCATENAR -> #REF! | B45: SINAPI-I | C45: 394 | D45: ABRACADEIRA EM ACO PARA AMARRACAO DE ELETRODUTOS, TIPO D, COM 1 1/2" E PARAFUSO DE FIXACAO | E45: UN | F45: 4,30 | G45: 4,30
A46: =CONCATENAR -> #REF! | B46: SINAPI-I | C46: 39130 | D46: ABRACADEIRA EM ACO PARA AMARRACAO DE ELETRODUTOS, TIPO D, COM 1 1/4" E CUNHA DE FIXACAO | E46: UN | F46: 3,88 | G46: 3,88
A47: =CONCATENAR -> #REF! | B47: SINAPI-I | C47: 395 | D47: ABRACADEIRA EM ACO PARA AMARRACAO DE ELETRODUTOS, TIPO D, COM 1 1/4" E PARAFUSO DE FIXACAO | E47: UN | F47: 4,14 | G47: 4,14
A48: =CONCATENAR -> #REF! | B48: SINAPI-I | C48: 39127 | D48: ABRACADEIRA EM ACO PARA AMARRACAO DE ELETRODUTOS, TIPO D, COM 1/2" E CUNHA DE FIXACAO | E48: UN | F48: 2,04 | G48: 2,04
A49: =CONCATENAR -> #REF! | B49: SINAPI-I | C49: 392 | D49: ABRACADEIRA EM ACO PARA AMARRACAO DE ELETRODUTOS, TIPO D, COM 1/2" E PARAFUSO DE FIXACAO | E49: UN | F49: 2,10 | G49: 2,10
... A4807: =CONCATENAR -> #REF! | B4807: SINAPI-I | C4807: 41096 | D4807: VIGIA DIURNO (MENSALISTA) | E4807: MES | F4807: 3.270,71 | G4807: 3.795,83
A4808: =CONCATENAR -> #REF! | B4808: SINAPI-I | C4808: 37370 | D4808: ALIMENTACAO - HORISTA (COLETADO CAIXA - ENCARGOS COMPLEMENTARES) | E4808: H | F4808: 4,06 | G4808: 4,06 | H4808: SINAPI-I - ENCARGOS COMPLEMENTARES
A4809: =CONCATENAR -> #REF! | B4809: SINAPI-I | C4809: 40862 | D4809: ALIMENTACAO - MENSALISTA (COLETADO CAIXA - ENCARGOS COMPLEMENTARES) | E4809: MES | F4809: 765,85 | G4809: 765,85
A4810: =CONCATENAR -> #REF! | B4810: SINAPI-I | C4810: 43482 | D4810: EPI - FAMILIA ALMOXARIFE - HORISTA (ENCARGOS COMPLEMENTARES - COLETADO CAIXA) | E4810: H | F4810: 0,79 | G4810: 0,79
A4811: =CONCATENAR -> #REF! | B4811: SINAPI-I | C4811: 43494 | D4811: EPI - FAMILIA ALMOXARIFE - MENSALISTA (ENCARGOS COMPLEMENTARES - COLETADO CAIXA) | E4811: MES | F4811: 148,04 | G4811: 148,04
A4812: =CONCATENAR -> #REF! | B4812: SINAPI-I | C4812: 43483 | D4812: EPI - FAMILIA CARPINTEIRO DE FORMAS - HORISTA (ENCARGOS COMPLEMENTARES - COLETADO CAIXA) | E4812: H | F4812: 1,43 | G4812: 1,43
A4813: =CONCATENAR -> #REF! | B4813: SINAPI-I | C4813: 43495 | D4813: EPI - FAMILIA CARPINTEIRO DE FORMAS - MENSALISTA (ENCARGOS COMPLEMENTARES - COLETADO CAIXA) | E4813: MES | F4813: 269,97 | G4813: 269,97
A4814: =CONCATENAR -> #REF! | B4814: SINAPI-I | C4814: 43484 | D4814: EPI - FAMILIA ELETRICISTA - HORISTA (ENCARGOS COMPLEMENTARES - COLETADO CAIXA) | E4814: H | F4814: 1,20 | G4814: 1,20
A4815: =CONCATENAR -> #REF! | B4815: SINAPI-I | C4815: 43496 | D4815: EPI - FAMILIA ELETRICISTA - MENSALISTA (ENCARGOS COMPLEMENTARES - COLETADO CAIXA) | E4815: MES | F4815: 226,41 | G4815: 226,41
A4816: =CONCATENAR -> #REF! | B4816: SINAPI-I | C4816: 43485 | D4816: EPI - FAMILIA ENCANADOR - HORISTA (ENCARGOS COMPLEMENTARES - COLETADO CAIXA) | E4816: H | F4816: 1,06 | G4816: 1,06
A4817: =CONCATENAR -> #REF! | B4817: SINAPI-I | C4817: 43497 | D4817: EPI - FAMILIA ENCANADOR - MENSALISTA (ENCARGOS COMPLEMENTARES - COLETADO CAIXA) | E4817: MES | F4817: 199,20 | G4817: 199,20
A4818: =CONCATENAR -> #REF! | B4818: SINAPI-I | C4818: 43487 | D4818: EPI - FAMILIA ENCARREGADO GERAL - HORISTA (ENCARGOS COMPLEMENTARES - COLETADO CAIXA) | E4818: H | F4818: 1,25 | G4818: 1,25
A4819: =CONCATENAR -> #REF! | B4819: SINAPI-I | C4819: 43499 | D4819: EPI - FAMILIA ENCARREGADO GERAL - MENSALISTA (ENCARGOS COMPLEMENTARES - COLETADO CAIXA) | E4819: MES | F4819: 236,16 | G4819: 236,16
A4820: =CONCATENAR -> #REF! | B4820: SINAPI-I | C4820: 43486 | D4820: EPI - FAMILIA ENGENHEIRO CIVIL - HORISTA (ENCARGOS COMPLEMENTARES - COLETADO CAIXA) | E4820: H | F4820: 0,74 | G4820: 0,74
... A4863: =CONCATENAR -> #REF! | B4863: SINAPI-I | C4863: 40861 | D4863: TRANSPORTE - MENSALISTA (COLETADO CAIXA - ENCARGOS COMPLEMENTARES) | E4863: MES | F4863: 179,74 | G4863: 179,74
A4864: =CONCATENAR -> #REF! | B4864: SINAPI | C4864: 97141 | D4864: ASSENTAMENTO DE TUBO DE FERRO FUNDIDO PARA REDE DE ÁGUA, DN 80 MM, JUNTA ELÁSTICA, INSTALADO EM LOCAL COM NÍVEL ALTO DE INTERFERÊNCIAS (NÃO INCLUI FORNECIMENTO). AF_05/2024 | E4864: M | F4864: 4,85 | G4864: 5,23 | H4864: SINAPI - CAIXA REFERENCIAL 13/06/2024
A4865: =CONCATENAR -> #REF! | B4865: SINAPI | C4865: 97142 | D4865: ASSENTAMENTO DE TUBO DE FERRO FUNDIDO PARA REDE DE ÁGUA, DN 100 MM, JUNTA ELÁSTICA, INSTALADO EM LOCAL COM NÍVEL ALTO DE INTERFERÊNCIAS (NÃO INCLUI FORNECIMENTO). AF_05/2024 | E4865: M | F4865: 5,62 | G4865: 6,05
A4866: =CONCATENAR -> #REF! | B4866: SINAPI | C4866: 97143 | D4866: ASSENTAMENTO DE TUBO DE FERRO FUNDIDO PARA REDE DE ÁGUA, DN 150 MM, JUNTA ELÁSTICA, INSTALADO EM LOCAL COM NÍVEL ALTO DE INTERFERÊNCIAS (NÃO INCLUI FORNECIMENTO). AF_05/2024 | E4866: M | F4866: 7,51 | G4866: 8,11
A4867: =CONCATENAR -> #REF! | B4867: SINAPI | C4867: 97144 | D4867: ASSENTAMENTO DE TUBO DE FERRO FUNDIDO PARA REDE DE ÁGUA, DN 200 MM, JUNTA ELÁSTICA, INSTALADO EM LOCAL COM NÍVEL ALTO DE INTERFERÊNCIAS (NÃO INCLUI FORNECIMENTO). AF_05/2024 | E4867: M | F4867: 9,41 | G4867: 10,16
A4868: =CONCATENAR -> #REF! | B4868: SINAPI | C4868: 97145 | D4868: ASSENTAMENTO DE TUBO DE FERRO FUNDIDO PARA REDE DE ÁGUA, DN 250 MM, JUNTA ELÁSTICA, INSTALADO EM LOCAL COM NÍVEL ALTO DE INTERFERÊNCIAS (NÃO INCLUI FORNECIMENTO). AF_05/2024 | E4868: M | F4868: 11,30 | G4868: 12,24
A4869: =CONCATENAR -> #REF! | B4869: SINAPI | C4869: 97146 | D4869: ASSENTAMENTO DE TUBO DE FERRO FUNDIDO PARA REDE DE ÁGUA, DN 300 MM, JUNTA ELÁSTICA, INSTALADO EM LOCAL COM NÍVEL ALTO DE INTERFERÊNCIAS (NÃO INCLUI FORNECIMENTO). AF_05/2024 | E4869: M | F4869: 13,22 | G4869: 14,33
A4870: =CONCATENAR -> #REF! | B4870: SINAPI | C4870: 97147 | D4870: ASSENTAMENTO DE TUBO DE FERRO FUNDIDO PARA REDE DE ÁGUA, DN 350 MM, JUNTA ELÁSTICA, INSTALADO EM LOCAL COM NÍVEL ALTO DE INTERFERÊNCIAS (NÃO INCLUI FORNECIMENTO). AF_05/2024 | E4870: M | F4870: 15,12 | G4870: 16,40
A4871: =CONCATENAR -> #REF! | B4871: SINAPI | C4871: 97148 | D4871: ASSENTAMENTO DE TUBO DE FERRO FUNDIDO PARA REDE DE ÁGUA, DN 400 MM, JUNTA ELÁSTICA, INSTALADO EM LOCAL COM NÍVEL ALTO DE INTERFERÊNCIAS (NÃO INCLUI FORNECIMENTO). AF_05/2024 | E4871: M | F4871: 17,03 | G4871: 18,49
A4872: =CONCATENAR -> #REF! | B4872: SINAPI | C4872: 97149 | D4872: ASSENTAMENTO DE TUBO DE FERRO FUNDIDO PARA REDE DE ÁGUA, DN 450 MM, JUNTA ELÁSTICA, INSTALADO EM LOCAL COM NÍVEL ALTO DE INTERFERÊNCIAS (NÃO INCLUI FORNECIMENTO). AF_05/2024 | E4872: M | F4872: 18,96 | G4872: 20,58
A4873: =CONCATENAR -> #REF! | B4873: SINAPI | C4873: 97150 | D4873: ASSENTAMENTO DE TUBO DE FERRO FUNDIDO PARA REDE DE ÁGUA, DN 500 MM, JUNTA ELÁSTICA, INSTALADO EM LOCAL COM NÍVEL ALTO DE INTERFERÊNCIAS (NÃO INCLUI FORNECIMENTO). AF_05/2024 | E4873: M | F4873: 24,23 | G4873: 26,02
A4874: =CONCATENAR -> #REF! | B4874: SINAPI | C4874: 97151 | D4874: ASSENTAMENTO DE TUBO DE FERRO FUNDIDO PARA REDE DE ÁGUA, DN 600 MM, JUNTA ELÁSTICA, INSTALADO EM LOCAL COM NÍVEL ALTO DE INTERFERÊNCIAS (NÃO INCLUI FORNECIMENTO). AF_05/2024 | E4874: M | F4874: 28,59 | G4874: 30,71
A4875: =CONCATENAR -> #REF! | B4875: SINAPI | C4875: 97152 | D4875: ASSENTAMENTO DE TUBO DE FERRO FUNDIDO PARA REDE DE ÁGUA, DN 700 MM, JUNTA ELÁSTICA, INSTALADO EM LOCAL COM NÍVEL ALTO DE INTERFERÊNCIAS (NÃO INCLUI FORNECIMENTO). AF_05/2024 | E4875: M | F4875: 32,72 | G4875: 35,19
A4876: =CONCATENAR -> #REF! | B4876: SINAPI | C4876: 97153 | D4876: ASSENTAMENTO DE TUBO DE FERRO FUNDIDO PARA REDE DE ÁGUA, DN 800 MM, JUNTA ELÁSTICA, INSTALADO EM LOCAL COM NÍVEL ALTO DE INTERFERÊNCIAS (NÃO INCLUI FORNECIMENTO). AF_05/2024 | E4876: M | F4876: 37,01 | G4876: 39,80
... A5345: =CONCATENAR -> #REF! | B5345: SINAPI | C5345: 103442 | D5345: TÊ DE SERVIÇO, EM PEAD LISO PARA REDE DE ÁGUA OU ESGOTO, DIÂMETRO DE 200 X 63 MM, JUNTA SOLDADA POR ELETROFUSÃO (NÃO INCLUI A EXECUÇÃO DE SOLDA). AF_12/2021 | E5345: UN | F5345: 525,99 | G5345: 535,29
A5346: =CONCATENAR -> #REF! | B5346: SINAPI | C5346: 98441 | D5346: PAREDE DE MADEIRA COMPENSADA PARA CONSTRUÇÃO TEMPORÁRIA EM CHAPA SIMPLES, EXTERNA, SEM VÃO. AF_03/2024 | E5346: M2 | F5346: 88,73 | G5346: 93,45
A5347: =CONCATENAR -> #REF! | B5347: SINAPI | C5347: 98443 | D5347: PAREDE DE MADEIRA COMPENSADA PARA CONSTRUÇÃO TEMPORÁRIA EM CHAPA SIMPLES, INTERNA, SEM VÃO. AF_03/2024 | E5347: M2 | F5347: 67,24 | G5347: 69,77
A5348: =CONCATENAR -> #REF! | B5348: SINAPI | C5348: 98445 | D5348: PAREDE DE MADEIRA COMPENSADA PARA CONSTRUÇÃO TEMPORÁRIA EM CHAPA SIMPLES, EXTERNA, COM ÁREA LÍQUIDA MAIOR OU IGUAL A 6 M², COM VÃO. AF_03/2024 | E5348: M2 | F5348: 105,14 | G5348: 111,11
A5349: =CONCATENAR -> #REF! | B5349: SINAPI | C5349: 98446 | D5349: PAREDE DE MADEIRA COMPENSADA PARA CONSTRUÇÃO TEMPORÁRIA EM CHAPA SIMPLES, EXTERNA, COM ÁREA LÍQUIDA MENOR QUE 6 M², COM VÃO. AF_03/2024 | E5349: M2 | F5349: 136,04 | G5349: 144,61
A5350: =CONCATENAR -> #REF! | B5350: SINAPI | C5350: 98447 | D5350: PAREDE DE MADEIRA COMPENSADA PARA CONSTRUÇÃO TEMPORÁRIA EM CHAPA SIMPLES, INTERNA, COM ÁREA LÍQUIDA MAIOR OU IGUAL A 6 M², COM VÃO. AF_03/2024 | E5350: M2 | F5350: 80,17 | G5350: 83,54
A5351: =CONCATENAR -> #REF! | B5351: SINAPI | C5351: 98448 | D5351: PAREDE DE MADEIRA COMPENSADA PARA CONSTRUÇÃO TEMPORÁRIA EM CHAPA SIMPLES, INTERNA, COM ÁREA LÍQUIDA MENOR QUE 6 M², COM VÃO. AF_03/2024 | E5351: M2 | F5351: 104,62 | G5351: 109,83
A5352: =CONCATENAR -> #REF! | B5352: SINAPI | C5352: 98449 | D5352: PAREDE DE MADEIRA COMPENSADA PARA CONSTRUÇÃO TEMPORÁRIA EM CHAPA DUPLA, EXTERNA, SEM VÃO. AF_03/2024 | E5352: M2 | F5352: 121,24 | G5352: 126,49
A5353: =CONCATENAR -> #REF! | B5353: SINAPI | C5353: 98451 | D5353: PAREDE DE MADEIRA COMPENSADA PARA CONSTRUÇÃO TEMPORÁRIA EM CHAPA DUPLA, INTERNA, SEM VÃO. AF_03/2024 | E5353: M2 | F5353: 96,74 | G5353: 99,48
A5354: =CONCATENAR -> #REF! | B5354: SINAPI | C5354: 98453 | D5354: PAREDE DE MADEIRA COMPENSADA PARA CONSTRUÇÃO TEMPORÁRIA EM CHAPA DUPLA, EXTERNA, COM ÁREA LÍQUIDA MAIOR OU IGUAL A QUE 6 M², COM VÃO. AF_03/2024 | E5354: M2 | F5354: 141,91 | G5354: 148,89
A5355: =CONCATENAR -> #REF! | B5355: SINAPI | C5355: 98454 | D5355: PAREDE DE MADEIRA COMPENSADA PARA CONSTRUÇÃO TEMPORÁRIA EM CHAPA DUPLA, EXTERNA, COM ÁREA LÍQUIDA MENOR QUE 6 M², COM VÃO. AF_03/2024 | E5355: M2 | F5355: 180,98 | G5355: 191,47
A5356: =CONCATENAR -> #REF! | B5356: SINAPI | C5356: 98455 | D5356: PAREDE DE MADEIRA COMPENSADA PARA CONSTRUÇÃO TEMPORÁRIA EM CHAPA DUPLA, INTERNA, COM ÁREA LÍQUIDA MAIOR OU IGUAL A 6 M², COM VÃO. AF_03/2024 | E5356: M2 | F5356: 113,05 | G5356: 116,98
A5357: =CONCATENAR -> #REF! | B5357: SINAPI | C5357: 98456 | D5357: PAREDE DE MADEIRA COMPENSADA PARA CONSTRUÇÃO TEMPORÁRIA EM CHAPA DUPLA, INTERNA, COM ÁREA LÍQUIDA MENOR QUE 6 M², COM VÃO. AF_03/2024 | E5357: M2 | F5357: 146,11 | G5357: 152,83
A5358: =CONCATENAR -> #REF! | B5358: SINAPI | C5358: 98458 | D5358: TAPUME COM COMPENSADO DE MADEIRA. AF_03/2024 | E5358: M2 | F5358: 88,78 | G5358: 93,20
A5359: =CONCATENAR -> #REF! | B5359: SINAPI | C5359: 98459 | D5359: TAPUME COM TELHA METÁLICA. AF_03/2024 | E5359: M2 | F5359: 85,41 | G5359: 89,54
A5360: =CONCATENAR -> #REF! | B5360: SINAPI | C5360: 98460 | D5360: PISO PARA CONSTRUÇÃO TEMPORÁRIA EM MADEIRA, SEM REAPROVEITAMENTO. AF_03/2024 | E5360: M2 | F5360: 64,70 | G5360: 67,48
A5361: =CONCATENAR -> #REF! | B5361: SINAPI | C5361: 98461 | D5361: ESTRUTURA DE MADEIRA PROVISÓRIA PARA SUPORTE DE CAIXA DÁGUA ELEVADA DE 1000 LITROS. AF_03/2024_PS | E5361: UN | F5361: 5.395,92 | G5361: 5.591,43
A5362: =CONCATENAR -> #REF! | B5362: SINAPI | C5362: 98462 | D5362: ESTRUTURA DE MADEIRA PROVISÓRIA PARA SUPORTE DE CAIXA DÁGUA ELEVADA DE 3000 LITROS. AF_03/2024_PS | E5362: UN | F5362: 9.161,97 | G5362: 9.501,48
A5363: =CONCATENAR -> #REF! | B5363: SINAPI | C5363: 105113 | D5363: ESTRUTURA DE MADEIRA PROVISÓRIA PARA SUPORTE DE CAIXA D'ÁGUA ELEVADA DE 2000 LITROS. AF_03/2024 | E5363: UN | F5363: 7.115,78 | G5363: 7.375,64
A5364: =CONCATENAR -> #REF! | B5364: SINAPI | C5364: 105114 | D5364: EXECUÇÃO DOS APOIOS PARA CONTÊINER OU MÓDULO HABITÁVEL. AF_03/2024 | E5364: M3 | F5364: 1.697,87 | G5364: 1.822,04
A5365: =CONCATENAR -> #REF! | B5365: SINAPI | C5365: 105115 | D5365: INSTALAÇÃO E DESINSTALAÇÃO MECANIZADA DE CONTÊINER OU MÓDULO HABITÁVEL DE USOS DIVERSOS. AF_03/2024 | E5365: UN | F5365: 131,42 | G5365: 139,86
... A5523: =CONCATENAR -> #REF! | B5523: SINAPI | C5523: 5829 | D5523: USINA DE CONCRETO FIXA, CAPACIDADE NOMINAL DE 90 A 120 M3/H, SEM SILO - CHI DIURNO. AF_07/2016 | E5523: CHI | F5523: 178,16 | G5523: 193,38
A5524: =CONCATENAR -> #REF! | B5524: SINAPI | C5524: 5837 | D5524: VIBROACABADORA DE ASFALTO SOBRE ESTEIRAS, LARGURA DE PAVIMENTAÇÃO 1,90 M A 5,30 M, POTÊNCIA 105 HP CAPACIDADE 450 T/H - CHI DIURNO. AF_11/2014 | E5524: CHI | F5524: 133,46 | G5524: 136,54
A5525: =CONCATENAR -> #REF! | B5525: SINAPI | C5525: 5841 | D5525: VASSOURA MECÂNICA REBOCÁVEL COM ESCOVA CILÍNDRICA, LARGURA ÚTIL DE VARRIMENTO DE 2,44 M - CHI DIURNO. AF_06/2014 | E5525: CHI | F5525: 4,68 | G5525: 4,68
A5526: =CONCATENAR -> #REF! | B5526: SINAPI | C5526: 5845 | D5526: TRATOR DE PNEUS, POTÊNCIA 122 CV, TRAÇÃO 4X4, PESO COM LASTRO DE 4.510 KG - CHI DIURNO. AF_06/2014 | E5526: CHI | F5526: 50,90 | G5526: 54,22
A5527: =CONCATENAR -> #REF! | B5527: SINAPI | C5527: 5849 | D5527: TRATOR DE ESTEIRAS, POTÊNCIA 170 HP, PESO OPERACIONAL 19 T, CAÇAMBA 5,2 M3 - CHI DIURNO. AF_06/2014 | E5527: CHI | F5527: 86,30 | G5527: 89,62
A5528: =CONCATENAR -> #REF! | B5528: SINAPI | C5528: 5853 | D5528: TRATOR DE ESTEIRAS, POTÊNCIA 150 HP, PESO OPERACIONAL 16,7 T, COM RODA MOTRIZ ELEVADA E LÂMINA 3,18 M3 - CHI DIURNO. AF_06/2014 | E5528: CHI | F5528: 86,66 | G5528: 89,98
A5529: =CONCATENAR -> #REF! | B5529: SINAPI | C5529: 5857 | D5529: TRATOR DE ESTEIRAS, POTÊNCIA 347 HP, PESO OPERACIONAL 38,5 T, COM LÂMINA 8,70 M3 - CHI DIURNO. AF_06/2014 | E5529: CHI | F5529: 220,20 | G5529: 223,52
...
